 Dungeon Crawl Stone Soup version 0.22-a0-305-gd21a89c538 (webtiles) character file.

13181133 Wyvric the Conqueror (level 27, 298/298 HPs)
             Began as a Naga Wanderer on Mar 27, 2018.
             Was the Champion of Cheibriados.
             Escaped with the Orb
             ... and 15 runes on Mar 29, 2018!
             The game lasted 17:06:14 (123314 turns).

Wyvric the Conqueror (Naga Wanderer)              Turns: 123314, Time: 17:06:15

Health: 298/298    AC: 44    Str: 34    XL:     27
Magic:  42/42      EV: 20    Int: 46    God:    Cheibriados [******]
Gold:   5635       SH: 37    Dex: 31    Spells: 1/78 levels left

rFire    + + .     SeeInvis +   a - +9 sacred scourge (holy)
rCold    + + .     Gourm    .   x - +4 large shield {rN+}
rNeg     + + +     Faith    .   C - +10 storm dragon scales {Bai Suzhen}
rPois    +         Spirit   .   N - +2 hat {MR+}
rElec    +         Reflect  +   k - +0 cloak of the Many Ships {rPois rF+ Str+3 Int+2}
rCorr    .         Harm     .   e - +0 pair of gloves of the Trombone {MP-9 Int+6}
MR       +++++     Clarity  +   V - +0 naga barding "Buim" {rN+ Slay+3}
Stlth    +.........             w - brooch of Shielding {Reflect SH+8}
HPRegen  0.59/turn              Q - ring of the Elephant {+Inv rElec rC+ rN+ MP+9}
MPRegen  0.28/turn              u - ring "Quor Sid" {Wiz rC+ MR+ Slay+2}

@: deflect missiles, very slow
A: large, antennae 1, thin skeletal structure 1, see invisible, clarity, clever
1, deformed body, deterioration 1, fire resistance 1, low mp 2, poison
resistance, screaming 1, slowness 2, inhibited regeneration, slow metabolism 1,
spit poison 1, constrict 1, AC +9
0: Orb of Zot
}: 15/15 runes: decaying, serpentine, slimy, silver, golden, iron, obsidian,
icy, bone, abyssal, demonic, glowing, magical, fiery, dark
a: Spit Poison, Bend Time, Temporal Distortion, Slouch, Step From Time, Renounce
Religion, Evoke Invisibility


You escaped.
You worshipped Cheibriados.
Cheibriados was exalted by your worship.
You were very full.

You visited 18 branches of the dungeon, and saw 90 of its levels.
You visited Pandemonium 3 times, and saw 18 of its levels.
You visited the Abyss 2 times.
You also visited: Bailey and Wizlab.

You collected 12007 gold pieces.
You spent 6372 gold pieces at shops.

Inventory:

Hand Weapons
 a - a +9 sacred scourge of holy wrath (weapon)
 j - the +10 morningstar "Archuir" {crush, -Tele rC+ Str+3 Int+8}
   (You took it off a cherub in Pandemonium)

   It inflicts extra damage upon your enemies.
   It affects your strength (+3).
   It affects your intelligence (+8).
   It protects you from cold.
   It prevents most forms of teleportation.
 m - the +4 staff of Dispater
   (You took it off Dispater on level 7 of the Iron City of Dis)
 M - the +7 sceptre of Asmodeus
   (You took it off Asmodeus on level 7 of Gehenna)
Missiles
 T - 9 throwing nets (quivered)
Armour
 e - the +0 pair of gloves of the Trombone (worn) {MP-9 Int+6}
   (You acquired it on level 1 of the Swamp)

   It affects your intelligence (+6).
   It affects your magic capacity (-9).
 k - the +0 cloak of the Many Ships (worn) {rPois rF+ Str+3 Int+2}
   (You found it on level 3 of the Crypt)

   It affects your strength (+3).
   It affects your intelligence (+2).
   It protects you from fire.
   It protects you from poison.
 x - a +4 large shield of positive energy (worn)
 C - +10 storm dragon scales (worn) {Bai Suzhen}
 N - a +2 hat of magic resistance (worn)
 V - the +0 naga barding "Buim" (worn) {rN+ Slay+3}
   (You found it on level 6 of the Lair of Beasts)

   It affects your accuracy and damage with ranged weapons and melee attacks
   (+3).
   It protects you from negative energy.
 Y - a +2 helmet of intelligence
Magical Staves
 b - an uncursed staff of energy
Jewellery
 n - an uncursed ring of protection from fire
 u - the ring "Quor Sid" (right hand) {Wiz rC+ MR+ Slay+2}
   (You took it off an angel in Pandemonium)

   [ring of wizardry]

   It improves your spell success rate.
   It affects your accuracy and damage with ranged weapons and melee attacks
   (+2).
   It protects you from cold.
   It affects your resistance to hostile enchantments.
 w - the brooch of Shielding (around neck) {Reflect SH+8}
   (You found it on level 5 of the Vaults)

   [amulet of reflection]

   It shields you and reflects attacks.
   It affects your SH (+8).
 I - the ring of Fuot {Fire +Fly rN+ MR- Slay+4}
   (You bought it in a shop on level 7 of the Dungeon)

   [ring of fire]

   It enhances your fire magic.
   It affects your accuracy and damage with ranged weapons and melee attacks
   (+4).
   It protects you from fire.
   It makes you vulnerable to cold.
   It protects you from negative energy.
   It affects your resistance to hostile enchantments.
   It lets you fly.
 Q - the ring of the Elephant (left hand) {+Inv rElec rC+ rN+ MP+9}
   (You bought it in a shop on level 2 of the Orcish Mines)

   [ring of magical power]

   It protects you from cold.
   It insulates you from electricity.
   It protects you from negative energy.
   It affects your magic capacity (+9).
   It lets you turn invisible.
Wands
 o - a wand of clouds (3)
 D - a wand of disintegration (46)
 K - a wand of polymorph (98)
 P - a wand of paralysis (55)
 R - a wand of iceblast (6)
 S - a wand of digging (14)
 Z - a wand of enslavement (35)
Scrolls
 c - 10 scrolls of teleportation
 d - 4 scrolls of immolation
 i - a scroll of magic mapping
 l - 3 scrolls of holy word
 q - 29 scrolls of remove curse
 s - a scroll of fog
 y - 6 scrolls of vulnerability
 B - 6 scrolls of fear
 F - 3 scrolls of blinking
 G - a scroll of amnesia
Potions
 g - 5 potions of flight
 h - 2 potions of mutation
 p - 6 potions of ambrosia
 r - 6 potions of haste
 v - 8 potions of brilliance
 z - 12 potions of lignification
 E - a potion of invisibility
 U - a potion of cancellation
 X - 3 potions of curing
Miscellaneous
 A - a figurine of a ziggurat
 H - 4 sacks of spiders
 J - a phantom mirror
 L - a phial of floods
 O - 8 boxes of beasts
 W - the horn of Geryon
Comestibles
 f - 72 rations


   Skills:
 O Level 27 Fighting
 + Level 22.4 Maces & Flails
   Level 4.0 Bows
 - Level 1.0 Throwing
 + Level 17.8 Armour
 + Level 15.0 Dodging
 - Level 7.0 Stealth
 + Level 17.8 Shields
 - Level 26.1 Spellcasting
 - Level 18.0 Conjurations
 - Level 15.0 Charms
 - Level 18.0 Necromancy
 - Level 21.0 Translocations
   Level 6.0 Ice Magic
 - Level 24.0 Air Magic
 - Level 13.0 Earth Magic
   Level 6.3 Poison Magic
 - Level 15.0 Invocations
 * Level 20.1 Evocations


You had one spell level left.
You knew the following spells:

 Your Spells              Type           Power        Failure   Level  Hunger
a - Orb of Destruction    Conj           ########..   1%          7    None
b - Lightning Bolt        Conj/Air       ########..   0%          5    None
c - Tornado               Air            ########..   1%          9    None
d - Airstrike             Air            ########..   0%          4    None
f - Summon Lightning Spi  Summ/Air       ########     1%          4    None
g - Lee's Rapid Deconstr  Erth           ########..   1%          5    None
h - Apportation           Tloc           ######       0%          1    None
i - Magic Dart            Conj           ####         0%          1    None
j - Controlled Blink      Tloc           N/A          1%          8    None
k - Blink                 Tloc           N/A          0%          2    None
l - Summon Butterflies    Summ           ######..     1%          1    None
n - Regeneration          Chrm/Necr      ########..   0%          3    None
u - Deflect Missiles      Chrm/Air       ########..   1%          6    None
v - Animate Skeleton      Necr           N/A          0%          1    None
w - Borgnjor's Revivific  Necr           ########..   1%          8    None
x - Death's Door          Chrm/Necr      ########..   1%          8    None
z - Animate Dead          Necr           N/A          0%          4    None


Dungeon Overview and Level Annotations

Branches:
Dungeon (15/15)            Temple (1/1) D:5            Lair (6/6) D:8
  Swamp (4/4) Lair:4        Snake (4/4) Lair:3        Slime (5/5) Lair:6
    Orc (2/2) D:11            Elf (3/3) Orc:2        Vaults (5/5) D:14
  Crypt (3/3) Vaults:2       Tomb (3/3) Crypt:3      Depths (5/5) D:15
   Hell (1/1)                 Dis (7/7) Hell            Geh (7/7) Hell
    Coc (7/7) Hell            Tar (7/7) Hell            Zot (5/5) Depths:5

Altars:
Ashenzari
Cheibriados
Dithmenos
Elyvilon
Fedhas
Gozag
Hepliaklqana
Kikubaaqudgha
Makhleb
Nemelex Xobeh
Okawaru
Qazlal
Ru
Sif Muna
Trog
Uskayaw
Vehumet
Wu Jian
Xom
Yredelemnul
Zin
The Shining One
Beogh
Jiyva

Shops:
D:7 =   D:11 *(   D:12 (   D:13 (   Orc:2 }(=!   Vaults:1 [   Depths:3 (

Portals:
Hell: Depths:1 Depths:2 Depths:3 Depths:4 Depths:5
Abyss: Depths:1 Depths:4 Depths:5
Pandemonium: Depths:3
Ziggurat: Depths:1


Innate Abilities, Weirdness & Mutations

You cannot wear boots.
Your serpentine skin is tough. (AC +9)
You have supernaturally acute eyesight. (SInv)
Armour fits poorly on your strangely shaped body.
Your system is resistant to poisons. (rPois)
You cover ground very slowly.
You have a slow metabolism.
You can spit poison.
You can use your snake-like lower body to constrict enemies.
You have a pair of small antennae on your head.
You have a somewhat thin skeletal structure. (Dex +2, Stealth)
You possess an exceptional clarity of mind.
Your mind is acute. (Int +2)
Your body sometimes deteriorates upon taking damage.
Your flesh is heat resistant. (rF+)
Your magical capacity is very low. (-20% MP)
You occasionally shout uncontrollably at your foes.
You do not regenerate when monsters are visible.


Message History

You thrash the chaos spawn!!
The chaos spawn convulses!
You block the chaos spawn's attack.
You punish the chaos spawn, causing immense pain!!!
You kill the chaos spawn!
Cheibriados thoroughly appreciates the change of pace.
The chaos spawn degenerates into a cloud of primal chaos!
A neqoxec comes into view.
The neqoxec gestures at you.
Something tries to feed on your intellect!
You block the neqoxec's attack. x2
You hit the neqoxec.
The neqoxec convulses!
You grab the neqoxec. You constrict the neqoxec. The neqoxec gestures at you.
Strange energies course through your body.
You feel less energetic.
You whack the neqoxec!
The neqoxec convulses.
You kill the neqoxec!
Cheibriados appreciates the change of pace.
There is a staircase leading out of the dungeon here.
You have escaped!

##.#.# #.#.#.#.#########
#..#.#########.#.#..#........####
#.##...........#.#.###...........
..##############.##.#.######.....
#.## #.###.## ###### #..## ##.#
#.# #.#.###########..###.###
#.##...................#
#.#####.##..##>#@#..##.# #.#
#.....######.....# ###### #.#
#.##.## ##.##.# #.....
#.#####..### ###>.# #....#
......#.##.## ##.##.# ####(#
#.###.#.....######.....# #.# #.#
#.#.##..#.#>##..##.###### #.#
#.###.#.....................###.#
#.....#######.#.#########...)...#


There were no monsters in sight!

Vanquished Creatures
  Cerebov (Pan)
  Antaeus (Coc:7)
  Asmodeus (Geh:7)
  8 pandemonium lords (Pan)
  the Royal Jelly (Slime:5)
  Gloorx Vloq (Pan)
  Ereshkigal (Tar:7)
  A seraph (Pan)
  the Serpent of Hell (Tar:7)
  Mnoleg (Pan)
  Lom Lobon (Pan)
  Khufu (Tomb:3)
  10 ancient liches
  5 orbs of fire
  Dispater (Dis:7)
  Mennas (Depths:4)
  A juggernaut (Abyss:4)
  Sojobo (Tomb:2)
  39 greater mummies
  Bai Suzhen (Swamp:4)
  10 shard shrikes
  Vashnia (Snake:4)
  the Lernaean hydra (Swamp:4)
  Saint Roka (Vaults:4)
  A curse toe (Zot:2)
  8 Killer Klowns
  Geryon (Hell)
  11 golden dragons
  9 caustic shrikes
  Nikola (Vaults:3)
  12 bone dragons
  2 pearl dragons (Pan)
  the Enchantress (D:15)
  Jory (Vaults:4)
  34 Tzitzimimeh
  25 Brimstone Fiends
  8 iron giants
  3 doom hounds
  13 liches
  3 electric golems
  18 tentacled monstrosities
  Rupert (Lair:3)
  7 titans
  18 Ice Fiends
  24 Orb Guardians
  9 Hell Sentinels
  Gastronok (Lair:3)
  31 acid blobs
  5 deep elf blademasters
  2 deep elf master archers (Elf:3)
  3 eldritch tentacles
  8 quicksilver dragons
  5 thorn hunters
  12 death cobs
  8 tentacled starspawn
  13 sphinxes
  Agnes (D:14)
  Frances (Elf:1)
  10 tengu reavers
  35 Executioners
  28 ancient champions
  Donald (Swamp:1)
  16 shadow dragons
  19 storm dragons
  7 nagarajas
  A draconian monk (Zot:2)
  Roxanne (D:15)
  The ghost of Azzok the Bludgeoner, an adept GrBe of Trog (Swamp:4)
  12 blood saints (Pan)
  3 revenants
  30 daevas (Pan)
  The ghost of Kabixx the Eclecticist, an adept DsFE of Vehumet (Swamp:1)
  9 frost giants
  15 fire giants
  19 azure jellies
  7 iron dragons
  8 draconian scorchers
  Louise (Swamp:1)
  A ghost moth (Zot:3)
  A caustic shrike zombie (WizLab)
  38 balrugs
  27 cacodemons
  20 vault wardens
  Aizul (Swamp:1)
  9 draconian knights
  9 black suns (Pan)
  11 deep elf sorcerers
  38 angels
  11 warmongers (Pan)
  12 war gargoyles
  4 draconian stormcallers
  9 deep elf elementalists
  4 draconian shifters
  A caustic shrike skeleton (Crypt:2)
  18 stone giants
  2 ghouls (Crypt:3)
  5 spriggan defenders
  4 elemental wellsprings
  7 curse skulls
  13 ironheart preservers
  91 reapers
  2 entropy weavers (Vaults:5)
  25 very ugly things
  12 draconian annihilators
  7 lorocyprocas
  23 ophanim
  6 green draconians
  42 apis (Pan)
  11 vampire knights
  17 bennus
  18 corrupters (Pan)
  8 black draconians
  6 deep elf demonologists
  14 red draconians
  14 yellow draconians
  A dire elephant (D:15)
  6 purple draconians
  11 white draconians
  15 deep elf annihilators
  3 spark wasps (Depths:3)
  Snorg (D:11)
  24 blizzard demons
  4 eidola
  15 deep elf death magi
  9 death oozes
  30 mummy priests
  13 ettins
  5 quicksilver dragon zombies
  7 green deaths
  6 fire dragons
  8 yaktaur captains
  5 deep elf high priests
  8 jiangshi
  A spectral kraken (Tar:7)
  Fannar (Lair:3)
  A kraken zombie (Coc:7)
  13 ogre magi
  29 ice dragons
  11 great orbs of eyes
  27 hydras
  3 quicksilver dragon skeletons
  30 vault guards
  15 monstrous demonspawn
  4 hell beasts
  3 catoblepae (Lair:6)
  5 rakshasas
  3 spriggan air magi
  6 ghost crabs
  18 naga warriors
  4 anacondas
  7 death knights
  9 centaur warriors
  37 dancing weapons
  7 deep troll earth magi
  38 two-headed ogres
  9 alligators
  50 death scarabs
  A deep troll shaman (Vaults:2)
  5 thrashing horrors
  5 shock serpents
  6 death yaks (Lair:6)
  35 hell hogs
  9 vampire magi
  11 spriggans
  23 naga sharpshooters
  Urug (D:13)
  6 spriggan berserkers
  4 storm dragon zombies
  90 sun demons
  7 titan skeletons
  5 tengu warriors
  11 shadow wraiths
  23 deep elf knights
  9 titan zombies
  An iron golem (Dis:1)
  36 soul eaters
  3 spatial maelstroms
  31 sixfirhies
  An iron troll (Orc:2)
  160 skeletal warriors
  7 wretched stars
  32 cherubim
  3 storm dragon skeletons
  79 hell knights
  2 death drakes (Depths:2)
  A spectral anaconda (Depths:2)
  3 salamander mystics
  12 torturous demonspawn
  A ghost moth zombie (Geh:2)
  An unseen horror (shapeshifter) (Vaults:3)
  6 golden dragon skeletons
  5 golden dragon zombies
  A fire crab (shapeshifter) (Vaults:1)
  8 wizards
  27 flayed ghosts
  8 unseen horrors
  A spectral hydra (Depths:2)
  2 spriggan druids
  12 infernal demonspawn (Pan)
  44 shadow demons
  3 shambling mangroves
  2 glowing orange brains (shapeshifter)
  9 gelid demonspawn (Pan)
  3 orange crystal statues
  13 anaconda skeletons
  15 deep elf archers
  25 deep trolls
  22 phantasmal warriors
  6 glowing orange brains
  18 ironbrand convokers
  16 anaconda zombies
  13 swamp dragons
  14 mana vipers
  8 shadow dragon zombies
  5 lindwurms
  45 ugly things
  5 harpies
  25 necromancers
  11 frost giant zombies
  7 orc sorcerers
  13 orc knights
  An oklob plant (Lair:1)
  10 naga ritualists
  10 wolf spider zombies
  10 fire giant zombies
  4 iron dragon zombies
  2 orb spiders (shapeshifter)
  58 deep elf magi
  9 cyclopes
  4 shadow dragon skeletons
  8 stone giant zombies
  4 manticores
  5 wolf spiders
  9 shining eyes
  3 worldbinders
  7 salamanders
  3 stone giant skeletons
  6 apocalypse crabs
  8 elephants
  A demonspawn zombie (WizLab)
  7 frost giant skeletons
  A guardian serpent (shapeshifter) (Vaults:5)
  5 iron dragon skeletons
  49 rust devils
  2 ice statues (Coc:7)
  37 black mambas
  An eye of devastation (Slime:4)
  Joseph (D:7)
  5 fire giant skeletons
  6 guardian serpents
  27 naga magi
  34 moths of wrath
  2 spriggan zombies (WizLab)
  A water nymph (shapeshifter) (Vaults:1)
  10 spiny frogs
  5 dire elephant zombies
  A gargoyle (D:10)
  14 vault sentinels
  8 molten gargoyles
  78 smoke demons
  A titan simulacrum (Coc:7)
  2 shock serpent zombies
  The ghost of busta the Carver, a novice BaCK of Xom (D:4)
  A shock serpent skeleton (Coc:7)
  5 kobold demonologists
  12 spectral swamp worms (Tar:7)
  45 hellions
  2 emperor scorpion zombies
  A purple draconian zombie (Crypt:3)
  An eye of devastation (shapeshifter) (Depths:2)
  2 dire elephant skeletons
  A rime drake (shapeshifter) (Vaults:3)
  2 minotaur skeletons
  40 orange demons
  2 catoblepas zombies
  2 yaktaur zombies
  28 efreet
  25 demonic crawlers
  6 komodo dragons
  26 yaktaurs
  36 freezing wraiths
  2 rime drakes
  4 anaconda simulacra
  12 ancient zymes
  A golden dragon simulacrum (Coc:7)
  79 guardian mummies
  61 tormentors
  43 ice devils
  56 red devils
  7 spectral merfolk (Depths:2)
  A ghost moth simulacrum (Coc:7)
  22 hellwings
  A purple draconian skeleton (Crypt:2)
  A pale draconian skeleton (Crypt:1)
  A black draconian skeleton (Coc:6)
  3 catoblepas skeletons
  5 harpy zombies
  An iron troll skeleton (Crypt:1)
  4 silent spectres
  22 hornets
  2 jumping spiders (shapeshifter)
  16 hydra zombies
  4 tengu conjurers
  14 trolls
  9 tyrant leeches
  A troll (shapeshifter) (Depths:3)
  A harpy skeleton (Coc:6)
  16 bog bodies
  9 hippogriffs
  A queen bee (shapeshifter) (Vaults:1)
  13 hydra skeletons
  5 ice dragon zombies
  7 raiju
  2 deep troll zombies (WizLab)
  121 slime creatures
  21 blink frogs
  4 alligator zombies
  4 fire dragon zombies
  14 ettin zombies
  Sigmund (D:3)
  3 alligator skeletons
  A meliai zombie (D:14)
  180 flying skulls
  8 ettin skeletons
  4 fire dragon skeletons
  4 ice dragon skeletons
  45 shadows
  A tarantella (shapeshifter) (Elf:1)
  65 ynoxinuls
  A spriggan (shapeshifter) (D:13)
  20 ushabtiu
  59 large abominations
  4 black mamba zombies
  52 wraiths
  2 air elementals (Elf:3)
  A human (Vaults:3)
  12 redbacks
  14 water elementals
  28 fire elementals
  A black mamba skeleton (Tar:2)
  2 vampires (Depths:2)
  69 yaks
  2 basilisks
  2 wyverns (D:15)
  A hog (Vaults:1)
  A basilisk (shapeshifter) (Vaults:4)
  6 golden eyes
  5 hungry ghosts
  33 neqoxecs
  16 vampire mosquitoes
  4 spatial vortices
  A tengu zombie (WizLab)
  31 chaos spawn
  A catoblepas simulacrum (Crypt:1)
  A gelid demonspawn zombie (Dis:1)
  8 wargs
  56 nagas
  16 swamp worms
  24 insubstantial wisps
  A hydra simulacrum (Hell)
  An infernal demonspawn zombie (Crypt:1)
  2 acid dragons
  A monstrous demonspawn zombie (WizLab)
  10 water moccasins
  An ogre skeleton (Vaults:1)
  Duvessa (D:5)
  10 porcupines
  A floating eye (Depths:2)
  102 hell hounds
  8 spiny frog zombies
  A floating eye (shapeshifter) (Vaults:1)
  22 small abominations
  3 spectral trolls (Depths:2)
  A faun skeleton (Crypt:2)
  6 spiny frog skeletons
  2 spectral spriggans (Depths:2)
  A hornet zombie (WizLab)
  16 swamp drakes
  3 snapping turtle zombies
  10 ice beasts
  11 eyes of draining
  8 phantoms
  35 orc warriors
  A tengu (shapeshifter) (Depths:2)
  3 sky beasts
  An ice dragon simulacrum (Abyss:2)
  11 wolves
  3 human zombies
  4 manticore zombies
  51 ogres
  13 boggarts
  18 necrophages
  An alligator simulacrum (Coc:4)
  A manticore skeleton (Geh:2)
  3 swamp dragon zombies
  27 centaurs
  3 swamp dragon skeletons
  A dream sheep skeleton (Crypt:2)
  2 snapping turtle skeletons
  A centaur (shapeshifter) (Depths:1)
  11 crocodiles
  3 elf zombies
  3 big kobolds
  16 bullfrogs
  A yaktaur skeleton (Crypt:1)
  Dowan (D:5)
  An elf skeleton (Crypt:2)
  A merfolk simulacrum (Depths:2)
  A spiny frog simulacrum (Hell)
  A cyclops skeleton (Crypt:1)
  5 earth elementals
  A cyclops zombie (Crypt:2)
  5 scorpions
  A wyvern skeleton (D:14)
  A troll zombie (Dis:1)
  3 spectral nagas (Depths:2)
  3 killer bees (D:8)
  68 wights
  4 vampire bats
  A snapping turtle simulacrum (Coc:7)
  A spectral centaur (Depths:2)
  2 spriggan skeletons
  8 howler monkeys
  8 electric eels
  16 crimson imps
  6 centaur zombies
  2 bullfrog zombies
  28 starcursed masses
  3 quasits
  31 iron imps
  17 orc priests
  6 hounds
  10 jellies
  2 bullfrog skeletons
  A gnoll shaman (Orc:1)
  A black bear zombie (Crypt:2)
  8 centaur skeletons
  A human skeleton (Geh:7)
  4 iguanas
  8 worker ants
  Natasha (D:2)
  24 orc wizards
  4 hell rats (Depths:1)
  A porcupine skeleton (Crypt:1)
  An acid dragon zombie (Crypt:3)
  A tengu skeleton (Crypt:3)
  A centaur simulacrum (Depths:2)
  5 naga zombies
  2 ogre zombies
  67 mummies
  2 naga skeletons
  3 hound skeletons
  2 worker ant zombies
  Robin (D:3)
  5 gnolls (Orc:1)
  7 adders
  A howler monkey skeleton (Crypt:1)
  A naga simulacrum (Depths:2)
  12 shadow imps
  9 white imps
  5 ufetubi
  An adder zombie (D:9)
  6 oozes
  8 worms
  2 barachi zombies (Crypt:3)
  9 dart slugs (D:7)
  5 leopard geckos
  109 orcs
  3 ball pythons
  3 bat skeletons (D:9)
  3 bat zombies (D:9)
  5 giant cockroaches
  12 goblins
  11 hobgoblins
  9 jackals
  8 quokkas
  7 bats
  A dart slug zombie (Crypt:3)
  3 frilled lizards
  A jackal skeleton (D:4)
  33 kobolds
  An orc skeleton (Geh:3)
  4 rats
  A briar patch (Depths:3)
  3 fire vortices
  11 fulminant prisms
  2 fungi
  A lurking horror (Abyss:4)
  2 plants
  4 starspawn tentacles
  3 tentacles (Coc:7)
5867 creatures vanquished.

Vanquished Creatures (collateral kills)
  3 greater mummies (Tomb:1)
  An Ice Fiend (Pan)
  5 tentacled monstrosities
  3 quicksilver dragons
  3 Orb Guardians (Zot:5)
  A death cob (Zot:5)
  2 sphinxes
  A shadow dragon (Vaults:5)
  A storm dragon (Zot:2)
  A nagaraja (Snake:4)
  2 cacodemons (Pan)
  A deep elf elementalist (Vaults:5)
  2 draconian scorchers
  4 very ugly things
  A stone giant (Vaults:5)
  2 ironheart preservers
  A deep elf demonologist (Elf:3)
  2 yellow draconians
  A green draconian (Depths:4)
  A deep elf annihilator (Vaults:5)
  A spark wasp (Depths:3)
  A red draconian (Zot:2)
  2 purple draconians
  A mummy priest (Tomb:1)
  A deep elf high priest (Vaults:5)
  A fire dragon (D:15)
  A naga warrior (Snake:2)
  Erolcha (D:9)
  2 yaktaur captains (Vaults:5)
  3 vault guards (Vaults:5)
  3 anacondas
  A two-headed ogre (Vaults:3)
  A dancing weapon (Elf:3)
  A deep troll earth mage (Depths:4)
  A shock serpent (Snake:2)
  3 naga sharpshooters (Snake:2)
  2 deep elf knights (Vaults:4)
  A skeletal warrior (Dis:6)
  A sea snake (Snake:2)
  2 hell knights (Depths:4)
  A shadow demon (Pan)
  An infernal demonspawn (Pan)
  A naga ritualist (Snake:2)
  4 swamp dragons
  A harpy (Vaults:4)
  A necromancer (Vaults:3)
  An ugly thing (Vaults:4)
  A deep elf mage (Vaults:5)
  3 mana vipers
  2 salamanders (Snake:2)
  A sphinx skeleton (Vaults:3)
  A rust devil (Dis:6)
  8 black mambas
  6 naga magi
  A water nymph (shapeshifter) (Vaults:5)
  A smoke demon (Pan)
  3 spiny frogs
  A centaur skeleton (D:15)
  A kobold demonologist (D:14)
  2 yaktaurs (Vaults:3)
  An entropy weaver simulacrum (Vaults:3)
  2 trolls
  A meliai (shapeshifter) (Vaults:1)
  2 tyrant leeches
  A slime creature (Vaults:2)
  A blink frog (Swamp:2)
  7 bog bodies
  A harpy skeleton (Dis:7)
  A human (Vaults:3)
  2 chaos spawn (Pan)
  5 neqoxecs (Pan)
  5 swamp worms
  5 insubstantial wisps (Swamp:2)
  8 nagas
  2 swamp drakes (Swamp:3)
  An ettin simulacrum (Vaults:3)
  A hornet zombie (D:15)
  2 ogres (Vaults:3)
  A centaur (Vaults:1)
  A water moccasin zombie (D:8)
  A jelly (D:9)
  2 orc priests (D:9)
  A worker ant (D:14)
  A mummy (Tomb:1)
  A gnoll (Bailey)
  A worm (shapeshifter) (Vaults:5)
  7 orcs
  A hobgoblin (Bailey)
  2 kobolds
176 creatures vanquished.

Vanquished Creatures (others)
  Mara (Tomb:3)
  5 eldritch tentacles
  2 ancient champions (Tomb:3)
  A draconian monk (Zot:3)
  A fire giant (Depths:5)
  A draconian knight (Zot:2)
  A stone giant (Vaults:5)
  3 bennus (Tomb:3)
  A deep elf annihilator (Pan)
  28 death scarabs
  54 ball lightnings
  2 cherubim (Pan)
  A skeletal warrior (Crypt:3)
  2 moths of wrath (Zot:5)
  A dire elephant zombie (Geh:7)
  A spiny frog (Swamp:4)
  A spectral swamp worm (Tar:7)
  A yaktaur (Depths:5)
  2 guardian mummies
  A tyrant leech (Swamp:1)
  A hippogriff (shapeshifter) (Depths:3)
  5 flying skulls (Tomb:3)
  A shadow (Geh:5)
  A small abomination (Abyss:5)
  A naga (Snake:2)
  A hell hound (Depths:4)
  An ogre (Vaults:3)
  A necrophage (Geh:5)
  A bullfrog (shapeshifter) (Depths:5)
  2 wights
  5 mummies
  3 briar patches (Pan)
  A bush (Lair:2)
  64 fulminant prisms
  25 fungi
  85 plants
  22 starspawn tentacles
  6 tentacles
336 creatures vanquished.

Grand Total: 6379 creatures vanquished

Notes
Turn   | Place    | Note
-------+----------+-------------------------------------------
     0 | D:1      | Wyvric the Naga Wanderer began the quest for the Orb.
     0 | D:1      | Wyvric set off with: a +2 shortbow, 24 arrows, a scroll of teleportation, a potion of curing, a +0 robe, a ration
     0 | D:1      | Reached XP level 1. HP: 21/21 MP: 1/1
   204 | D:1      | Reached XP level 2. HP: 28/28 MP: 2/2
   744 | D:2      | Reached XP level 3. HP: 34/34 MP: 3/3
  1090 | D:2      | Noticed Natasha
  1094 | D:2      | Killed Natasha
  1094 | D:2      | Reached XP level 4. HP: 44/44 MP: 4/4
  1372 | D:3      | Noticed Sigmund
  1380 | D:3      | Killed Sigmund
  1380 | D:3      | Reached skill level 4 in Fighting
  1380 | D:3      | Reached XP level 5. HP: 51/51 MP: 5/5
  1380 | D:3      | Reached XP level 6. HP: 60/60 MP: 6/6
  1570 | D:3      | Reached skill level 5 in Fighting
  1975 | D:3      | Noticed Robin
  1981 | D:3      | Killed Robin
  2592 | D:4      | Found an opulent altar of Gozag.
  2751 | D:5      | Entered Level 5 of the Dungeon
  2772 | D:4      | Reached skill level 1 in Evocations
  2801 | D:4      | Found a shadowy altar of Dithmenos.
  2820 | D:4      | Reached XP level 7. HP: 65/67 MP: 6/8
  2937 | D:5      | Found a staircase to the Ecumenical Temple.
  2948 | Temple   | Entered the Ecumenical Temple
  3309 | D:5      | Found a sacrificial altar of Ru.
  3325 | D:5      | Noticed Duvessa
  3397 | D:6      | Found an iron altar of Okawaru.
  3527 | D:7      | Found a hide-covered altar of Uskayaw.
  3602 | D:7      | Reached skill level 6 in Fighting
  3607 | D:7      | Noticed Joseph
  3620 | D:7      | HP: 2/69 [acid (3)]
  3657 | D:7      | Reached XP level 8. HP: 5/76 MP: 9/11
  3979 | D:7      | Found a white marble altar of Elyvilon.
  4031 | D:7      | Noticed an air elemental
  4033 | D:7      | Found a stormy altar of Qazlal.
  4047 | D:7      | Noticed a water elemental
  4085 | D:7      | Noticed a hippogriff
  4334 | D:7      | Reached skill level 5 in Evocations
  4666 | D:7      | Killed a hippogriff
  4677 | D:7      | Reached skill level 7 in Fighting
  4733 | D:7      | Killed Joseph
  4733 | D:7      | Reached skill level 8 in Fighting
  4733 | D:7      | Reached XP level 9. HP: 90/90 MP: 13/13
  4792 | D:7      | Found a snail-covered altar of Cheibriados.
  4810 | D:7      | Became a worshipper of Cheibriados the Contemplative
  5047 | D:7      | Found Joozuperch's Jewellery Emporium.
  5064 | D:7      | Bought a +3 ring of protection for 252 gold pieces
  5086 | D:7      | Reached skill level 1 in Invocations
  5150 | D:5      | Noticed Dowan
  5154 | D:5      | Killed Duvessa
  5159 | D:5      | Killed Dowan
  5220 | D:5      | Reached skill level 5 in Stealth
  5336 | D:4      | Noticed busta's ghost (novice BaCK)
  5383 | D:4      | Killed busta's ghost
  5383 | D:4      | Reached skill level 9 in Fighting
  5711 | D:4      | Reached * piety under Cheibriados
  6897 | D:6      | Reached skill level 5 in Invocations
  7030 | D:6      | Learned a level 3 spell: Mephitic Cloud
  7034 | D:6      | Learned a level 3 spell: Conjure Flame
  7037 | D:6      | Learned a level 2 spell: Blink
  7256 | D:6      | Reached ** piety under Cheibriados
  7266 | D:6      | Reached skill level 1 in Spellcasting
  7266 | D:6      | Reached skill level 1 in Conjurations
  7270 | D:6      | Reached XP level 10. HP: 86/97 MP: 14/14
  7494 | D:6      | Got a tattered robe
  7862 | D:7      | Reached skill level 1 in Translocations
  7954 | D:6      | Identified the cursed +0 robe "Xiruduifoch" {rC+ Str+4} (You found it on level 6 of the Dungeon)
  8084 | D:6      | Identified 3 scrolls of acquirement
  8100 | D:6      | Got a translucent naga barding
  8106 | D:6      | Identified the +0 naga barding of the Cuttlefish {rF+ rN+ Dex+3 Slay-6} (You acquired it on level 6 of the Dungeon)
  8118 | D:6      | Learned a level 1 spell: Magic Dart
  8493 | D:7      | Got a polished cloak
  8508 | D:7      | Identified the +1 cloak of the Planets {Dex+4} (You found it on level 7 of the Dungeon)
  8798 | D:8      | Reached XP level 11. HP: 91/104 MP: 21/21
  8917 | D:8      | Learned a level 2 spell: Call Imp
  9073 | D:8      | Reached *** piety under Cheibriados
  9506 | D:8      | Found a staircase to the Lair.
  9645 | D:8      | Reached **** piety under Cheibriados
  9712 | D:8      | Found a roughly hewn altar of Beogh.
 10206 | D:9      | Noticed Erolcha
 10240 | D:9      | Killed Erolcha
 10668 | D:9      | Found an ancient bone altar of Kikubaaqudgha.
 11113 | D:10     | Entered Level 10 of the Dungeon
 11141 | D:10     | Reached ***** piety under Cheibriados
 11926 | D:10     | Got a twisted quarterstaff {crush}
 11928 | D:10     | Identified the cursed +1 quarterstaff of Irritation {crush, rPois rC+} (You took it off a wight on level 10 of the Dungeon)
 12459 | D:11     | Found Jikhits's Antique Weapon Shop.
 12490 | D:11     | Found Lyuxat's Food Emporium.
 12505 | D:11     | Noticed a green ugly thing
 12561 | D:11     | Found Sulukk's Assorted Antiques.
 12567 | D:11     | Bought a scroll labeled FEANYRAO RACRA for 26 gold pieces
 12567 | D:11     | Bought a runed gold wand for 104 gold pieces
 12592 | D:11     | Found a flagged portal.
 12597 | D:11     | Got a jewelled hand axe
 12608 | D:11     | Identified the +6 hand axe "Ulobb" {flame, Str+8} (You found it on level 11 of the Dungeon)
 12615 | Bailey   | Entered a bailey
 13227 | D:11     | Noticed a skeletal warrior
 13233 | D:11     | Noticed a skeletal warrior
 13240 | D:11     | Noticed a skeletal warrior
 13241 | D:11     | Noticed a skeletal warrior
 13241 | D:11     | Killed a skeletal warrior
 13241 | D:11     | Reached XP level 12. HP: 105/114 MP: 13/24
 13455 | D:11     | Found a staircase to the Orcish Mines.
 13683 | D:11     | Reached ****** piety under Cheibriados
 13714 | D:11     | Noticed Snorg
 13842 | D:11     | Killed Snorg
 13842 | D:11     | Reached skill level 5 in Translocations
 14203 | D:11     | Bought an encrusted leather armour for 182 gold pieces
 14213 | D:11     | Identified the +1 leather armour "Maufyedgh" {rC+ Str+4 Dex+3} (You bought it in a shop on level 11 of the Dungeon)
 14284 | D:12     | Noticed a six-headed hydra
 14439 | Lair:1   | Entered Level 1 of the Lair of Beasts
 14695 | Lair:1   | Learned a level 2 spell: Poisonous Vapours
 14766 | Lair:1   | Found a shadowy altar of Dithmenos.
 14791 | Lair:1   | Reached skill level 1 in Air Magic
 14841 | Lair:1   | Noticed a four-headed hydra
 14928 | Lair:1   | Killed a one-headed hydra
 14928 | Lair:1   | Reached skill level 1 in Poison Magic
 15396 | Lair:1   | Reached skill level 10 in Invocations
 15769 | Lair:2   | Noticed a five-headed hydra
 15975 | Lair:2   | Killed a five-headed hydra
 15975 | Lair:2   | Gained mutation: You can use your snake-like lower body to constrict enemies. [Naga growth]
 15975 | Lair:2   | Reached XP level 13. HP: 80/121 MP: 22/26
 16931 | Lair:2   | Reached skill level 5 in Air Magic
 16953 | Lair:2   | Reached skill level 1 in Shields
 16998 | Lair:2   | Reached skill level 10 in Conjurations
 17533 | Lair:3   | Noticed Fannar
 17550 | Lair:3   | Killed Fannar
 17550 | Lair:3   | Reached skill level 5 in Poison Magic
 17647 | Lair:3   | Noticed Gastronok
 17667 | Lair:3   | Killed Gastronok
 17754 | Lair:3   | Found a staircase to the Snake Pit.
 18006 | Lair:3   | Learned a level 4 spell: Force Lance
 18010 | Lair:3   | Learned a level 3 spell: Dazzling Spray
 18016 | Lair:3   | Learned a level 4 spell: Fulminant Prism
 18046 | Lair:3   | Found the +4 skin of Zhor {rC+++}
 18331 | Lair:3   | Noticed Rupert
 18788 | Lair:3   | Got a faintly glowing short sword
 18794 | Lair:3   | Identified the +11 short sword "Ikhlearr" {speed, rElec rF- Dex+7} (You found it on level 3 of the Lair of Beasts)
 18889 | Lair:3   | Killed Rupert
 18889 | Lair:3   | Reached XP level 14. HP: 129/129 MP: 6/27
 19236 | Lair:4   | Found a staircase to the Swamp.
 21116 | Lair:6   | Entered Level 6 of the Lair of Beasts
 21373 | Lair:6   | Found a viscous altar of Jiyva.
 21374 | Lair:6   | Found a staircase to the Slime Pits.
 22047 | Lair:6   | Got an ichor-stained naga barding
 22059 | Lair:6   | Identified the +0 naga barding "Buim" {rN+ Slay+3} (You found it on level 6 of the Lair of Beasts)
 22754 | Orc:1    | Entered Level 1 of the Orcish Mines
 23358 | Orc:1    | Reached XP level 15. HP: 135/135 MP: 27/28
 23631 | Orc:2    | Entered Level 2 of the Orcish Mines
 24497 | Orc:2    | Found a staircase to the Elven Halls.
 24987 | Orc:2    | Found Heimu's Food Shoppe.
 24989 | Orc:2    | Found Xuwkah's Jewellery Shoppe.
 25027 | Orc:2    | Found Enawecva's Antique Weapon Boutique.
 25044 | Orc:2    | Found Urieddir's Gadget Shop.
 25046 | Orc:2    | Found Fuvofu's Distillery.
 25054 | Orc:2    | Bought a potion of heal wounds for 70 gold pieces
 25054 | Orc:2    | Bought a potion of heal wounds for 70 gold pieces
 25427 | D:12     | Found an iron altar of Okawaru.
 25486 | D:12     | Found Xiybuojy's Weapon Shoppe.
 26125 | D:13     | Found a snail-covered altar of Cheibriados.
 26137 | D:13     | Reached skill level 15 in Conjurations
 26142 | D:13     | Learned a level 1 spell: Animate Skeleton
 26146 | D:13     | Learned a level 3 spell: Regeneration
 26151 | D:13     | Learned a level 4 spell: Animate Dead
 26194 | D:13     | Reached skill level 1 in Necromancy
 26413 | D:13     | Noticed Urug
 26422 | D:13     | Killed Urug
 26697 | D:13     | Found Nuss's Weapon Boutique.
 27005 | D:14     | Noticed Agnes
 27026 | D:14     | Killed Agnes
 27309 | D:14     | Found a bloodstained altar of Trog.
 27361 | D:14     | Reached skill level 5 in Necromancy
 27444 | D:14     | Found a gate to the Vaults.
 27571 | D:14     | Reached XP level 16. HP: 144/144 MP: 27/29
 27854 | D:14     | Reached skill level 10 in Spellcasting
 28263 | D:15     | Entered Level 15 of the Dungeon
 28345 | D:15     | Got a steaming iron amulet
 28832 | D:15     | Found a staircase to the Depths.
 28878 | D:15     | Noticed Roxanne
 29049 | D:15     | Killed Roxanne
 29428 | D:15     | Found a shadowy altar of Dithmenos.
 29439 | D:15     | Identified the amulet of Wu Jian's Anger {Spirit rC+} (You took it off an ogre mage on level 15 of the Dungeon)
 29772 | D:8      | Learned a level 6 spell: Freezing Cloud
 29874 | Swamp:1  | Entered Level 1 of the Swamp
 29896 | Swamp:1  | Noticed Kabixx's ghost (adept DsFE)
 29936 | Swamp:1  | Noticed Aizul
 29954 | Swamp:1  | Killed Kabixx's ghost
 29954 | Swamp:1  | Reached skill level 1 in Ice Magic
 29954 | Swamp:1  | Killed Aizul
 30196 | Swamp:1  | Noticed a thorn hunter
 30206 | Swamp:1  | Killed a thorn hunter
 30423 | Swamp:1  | Noticed Donald
 30429 | Swamp:1  | Killed Donald
 30625 | Swamp:1  | Noticed Louise
 30642 | Swamp:1  | Killed Louise
 30739 | Swamp:1  | Got a pair of twisted gloves
 30750 | Swamp:1  | Identified the +0 pair of gloves of the Trombone {MP-9 Int+6} (You acquired it on level 1 of the Swamp)
 31060 | Swamp:1  | Reached skill level 5 in Ice Magic
 31333 | Swamp:2  | Reached XP level 17. HP: 147/150 MP: 18/33
 31343 | Swamp:1  | Reached skill level 10 in Air Magic
 31662 | Swamp:2  | Reached skill level 1 in Maces & Flails
 32424 | Swamp:3  | Noticed a tentacled monstrosity
 32433 | Swamp:3  | Killed a tentacled monstrosity
 32535 | Swamp:3  | Got a slimy ring mail
 32637 | Swamp:3  | Identified the +1 ring mail of the Townfolk {rPois rF+ rN+ Dex-4} (You found it on level 3 of the Swamp)
 32948 | Swamp:4  | Entered Level 4 of the Swamp
 33074 | Swamp:4  | Noticed Azzok's ghost (adept GrBe)
 34263 | Swamp:4  | Reached skill level 5 in Maces & Flails
 34478 | Swamp:4  | Noticed Bai Suzhen
 34496 | Swamp:4  | Noticed the 27-headed Lernaean hydra
 35188 | Swamp:4  | Killed Azzok's ghost
 35188 | Swamp:4  | Reached skill level 10 in Fighting
 35724 | Swamp:4  | Killed Bai Suzhen
 36607 | Swamp:4  | Killed the 27-headed Lernaean hydra
 36607 | Swamp:4  | Reached XP level 18. HP: 155/163 MP: 9/34
 36635 | Swamp:4  | Got a decaying rune of Zot
 37069 | Snake:1  | Entered Level 1 of the Snake Pit
 38248 | Snake:1  | Got a heavily runed chain mail
 38572 | Snake:1  | Identified the +6 chain mail of Winter {rF+ Str+3 Dex+2 Stlth+} (You found it on level 1 of the Snake Pit)
 38962 | Snake:2  | Reached skill level 11 in Fighting
 39484 | Snake:2  | Reached skill level 10 in Maces & Flails
 41077 | Snake:3  | Learned a level 7 spell: Orb of Destruction
 41303 | Snake:3  | Reached XP level 19. HP: 171/175 MP: 17/35
 41411 | Snake:3  | Reached skill level 12 in Fighting
 41522 | Snake:3  | Got a tattered robe
 41523 | Snake:3  | Identified the +2 robe of Patience {Str+3} (You took it off a naga ritualist on level 3 of the Snake Pit)
 41588 | Snake:4  | Entered Level 4 of the Snake Pit
 42657 | Snake:4  | Noticed Vashnia
 42856 | Snake:4  | Killed Vashnia
 43277 | Snake:4  | Got a serpentine rune of Zot
 44079 | Elf:1    | Entered Level 1 of the Elven Halls
 44842 | Elf:1    | Noticed Frances
 44850 | Elf:1    | Killed Frances
 44891 | Elf:1    | Reached XP level 20. HP: 169/183 MP: 6/36
 44990 | Elf:1    | Reached skill level 15 in Maces & Flails
 45758 | Elf:1    | Identified the Guide on Evil
 46093 | Elf:2    | Found a runed gate.
 46093 | Elf:2    | Found a runed gate.
 46094 | Elf:2    | Found a runed gate.
 47836 | Elf:2    | Upgraded the game from 0.22-a0-303-g4a852b32ea to 0.22-a0-304-gc4e68a00b7
 47838 | Elf:3    | Entered Level 3 of the Elven Halls
 48442 | Elf:3    | Found a deep blue altar of Sif Muna.
 49408 | Elf:3    | Reached skill level 1 in Dodging
 49426 | Elf:3    | Reached XP level 21. HP: 155/190 MP: 7/37
 50174 | Elf:3    | Got a translucent great sword {elec}
 50343 | Elf:3    | Identified the Volume of the Feathery Traveller
 50357 | Elf:3    | Got a scorched bone amulet
 50404 | Elf:3    | Found the +12 glaive of Prune {chop}
 50409 | Elf:3    | Identified Aneliusu's Volume of the Cloudy Arsonist
 50453 | Elf:3    | Identified the amulet "Yjigoam" {Reflect *Corrode +Blink +Inv Dex-3 SH+3} (You found it on level 3 of the Elven Halls)
 50561 | Elf:3    | Got a scorched dire flail {holy}
 50889 | D:8      | Identified the cursed +2 great sword of the Foot {elec, rC- rN+++ MR+++ Str-2} (You took it off a deep elf annihilator on level 3 of the Elven Halls)
 50904 | D:8      | Identified the +1 dire flail "Hydra's Funeral" {holy, Fragile rElec Str+4 Dex+3} (You took it off a deep elf elementalist on level 3 of the Elven Halls)
 50987 | D:8      | Learned a level 5 spell: Lightning Bolt
 50990 | D:8      | Learned a level 2 spell: Shroud of Golubria
 51123 | Vaults:1 | Entered Level 1 of the Vaults
 51349 | Vaults:1 | Reached skill level 5 in Armour
 51484 | Vaults:1 | Found Ococuqen's Antique Armour Shop.
 51817 | Vaults:1 | Identified the Guide on Moulding
 53066 | Vaults:2 | Reached skill level 5 in Dodging
 53661 | Vaults:2 | Found a staircase to the Crypt.
 53661 | Vaults:2 | Found an ancient bone altar of Kikubaaqudgha.
 53662 | Vaults:2 | Found a basalt altar of Yredelemnul.
 53778 | Vaults:2 | Reached XP level 22. HP: 155/198 MP: 9/39
 55722 | Vaults:3 | Noticed Nikola
 55727 | Vaults:3 | Killed Nikola
 56456 | Vaults:4 | Got a clouded wooden ring
 56460 | Vaults:4 | Identified the ring "Sowo" {Dex-3 Slay+5 SInv} (You took it off an ironheart preserver on level 4 of the Vaults)
 56746 | Vaults:4 | Noticed Jory
 56758 | Vaults:4 | Killed Jory
 57235 | Vaults:4 | Reached XP level 23. HP: 152/205 MP: 26/41
 57806 | Vaults:4 | Noticed Saint Roka
 57816 | Vaults:4 | Killed Saint Roka
 57816 | Vaults:4 | Reached skill level 10 in Armour
 58339 | Depths:1 | Entered Level 1 of the Depths
 58416 | Depths:1 | Noticed the Enchantress
 58566 | D:15     | Killed the Enchantress
 58710 | D:15     | Identified the +3 faerie dragon scales {rF+ rCorr Int+2 Dex+3 SInv} (You took it off the Enchantress on level 15 of the Dungeon)
 59472 | Depths:1 | Reached skill level 13 in Fighting
 59692 | Depths:1 | Found a one-way gate to the infinite horrors of the Abyss.
 59693 | Depths:1 | Found a gateway to a ziggurat.
 59788 | Depths:1 | Found a gateway to Hell.
 59790 | Depths:1 | Reached skill level 1 in Charms
 60010 | Depths:1 | Found a sparkling altar of Nemelex Xobeh.
 60527 | Depths:2 | Reached XP level 24. HP: 218/218 MP: 41/41
 60685 | Depths:2 | Reached XP level 25. HP: 225/225 MP: 41/41
 61158 | Depths:2 | Paralysed by a floating eye for 3 turns
 61362 | Depths:2 | Reached skill level 5 in Charms
 61362 | Depths:2 | Reached XP level 26. HP: 234/234 MP: 22/41
 61370 | Depths:2 | Learned a level 6 spell: Deflect Missiles
 61454 | Depths:2 | Noticed an ancient lich
 61466 | Depths:2 | Killed an ancient lich
 62376 | Depths:3 | Found Olairr's Antique Weapon Shoppe.
 62556 | Depths:3 | Found a one-way gate leading to the halls of Pandemonium.
 62734 | Depths:3 | Identified the +9 halberd of Jyuboe {freeze, rElec rC+ MP-9 Int+5} (You found it on level 3 of the Depths)
 63226 | Depths:4 | Found a magical portal.
 63235 | WizLab   | Entered Doroklohe's Tomb
 63416 | WizLab   | Noticed an ancient lich
 63420 | WizLab   | Killed an ancient lich
 63438 | WizLab   | Reached skill level 15 in Air Magic
 63648 | WizLab   | Identified the +1 chain mail "Maank" {Str+2} (You found it in a wizard's laboratory)
 63657 | WizLab   | Identified the +1 robe "Cawup" {Int+3 Dex+6 SInv} (You found it in a wizard's laboratory)
 63812 | Depths:4 | Found a shattered altar of Ashenzari.
 63959 | Depths:4 | Reached skill level 14 in Fighting
 63959 | Depths:4 | Reached skill level 10 in Translocations
 64139 | Depths:4 | Got a black opal-encrusted plate armour
 64276 | Depths:4 | Reached XP level 27. HP: 243/243 MP: 41/41
 64629 | Depths:4 | Identified the +6 plate armour of the Wasteland {Int+7} (You found it on level 4 of the Depths)
 64908 | Depths:5 | Entered Level 5 of the Depths
 64991 | Depths:4 | Reached skill level 5 in Shields
 65074 | Depths:5 | Noticed Mennas
 65239 | Depths:4 | Reached skill level 15 in Spellcasting
 65247 | Depths:4 | Killed Mennas
 66352 | Depths:5 | Found a gate to the Realm of Zot.
 66371 | Depths:5 | Identified the +0 ring mail of Devid {rElec} (You found it on level 5 of the Depths)
 66825 | Depths:5 | Learned a level 8 spell: Chain Lightning
 67316 | Slime:1  | Entered Level 1 of the Pits of Slime
 67421 | Slime:2  | Reached skill level 15 in Fighting
 69131 | Slime:4  | Reached skill level 16 in Fighting
 69350 | Slime:5  | Entered Level 5 of the Pits of Slime
 69377 | Slime:5  | Noticed the Royal Jelly
 70059 | Slime:5  | Killed the Royal Jelly
 70350 | Slime:5  | Got a bound platinum amulet
 70412 | Slime:5  | Identified Papum's Reference Book on the Vitriolic Glacier
 70415 | Slime:5  | Got a slimy rune of Zot
 70913 | D:8      | Identified the amulet of Gaicwiva {Acrobat +Inv rPois rN++ Dex-5 SInv} (You found it on level 5 of the Pits of Slime)
 71132 | Slime:5  | Got a brightly glowing shield
 71159 | Slime:5  | Got an ichor-stained spear
 71183 | Slime:5  | Got a bloodstained quarterstaff
 71210 | Slime:5  | Got a fine flail
 71447 | D:8      | Identified the cursed +3 quarterstaff of the Ship {flame, +Inv rPois Str-3 SInv} (You found it on level 5 of the Pits of Slime)
 71448 | D:8      | Identified the cursed +2 flail "Offoisk" {freeze, rElec rF+ Dex+2} (You found it on level 5 of the Pits of Slime)
 71476 | D:8      | Identified the -7 shield "Itunavvi" {MR+ Str+5 Dex-2 Stlth+} (You found it on level 5 of the Pits of Slime)
 71575 | D:8      | Learned a level 6 spell: Conjure Ball Lightning
 71844 | Vaults:5 | Entered Level 5 of the Vaults
 71847 | Vaults:5 | Reached skill level 17 in Fighting
 71883 | Vaults:5 | Found the brooch of Shielding {Reflect SH+8}
 72060 | Vaults:5 | Got a silver rune of Zot
 72122 | Vaults:5 | Got a scorched ivory amulet
 72684 | Vaults:5 | Reached skill level 18 in Fighting
 73859 | Vaults:5 | Noticed an ancient lich
 73870 | Vaults:5 | Killed an ancient lich
 74209 | Vaults:5 | Identified the amulet of Noubolaa {*Slow +Rage MP+9 Dex+5 Slay+2} (You found it on level 5 of the Vaults)
 74219 | Vaults:5 | Got a transparent jade ring
 74221 | Vaults:5 | Identified the ring "Gulyiwe" {rPois rC+ MR++ Dex+2 SInv} (You took it off an ironbrand convoker on level 5 of the Vaults)
 74332 | Vaults:5 | Got a warped ring mail
 74343 | Vaults:5 | Identified the cursed +0 ring mail of the Mutiny {rPois Dex+2} (You took it off an orc on level 5 of the Vaults)
 74369 | Vaults:5 | Got a wizard robe
 74381 | Vaults:5 | Identified the cursed +0 robe of Bupsei {Str+3} (You found it on level 5 of the Vaults)
 74406 | Vaults:5 | Identified the +5 chain mail "Huew Reure" {Int+4} (You took it off an orc on level 5 of the Vaults)
 74407 | Vaults:5 | Got a brightly glowing scale mail
 74418 | Vaults:5 | Identified the cursed +0 scale mail of the Many Mice {rPois Slay+3} (You took it off an orc on level 5 of the Vaults)
 74846 | D:11     | Bought a ration for 60 gold pieces
 74846 | D:11     | Bought a ration for 60 gold pieces
 74846 | D:11     | Bought a ration for 60 gold pieces
 74846 | D:11     | Bought a ration for 60 gold pieces
 74846 | D:11     | Bought a ration for 60 gold pieces
 74846 | D:11     | Bought a ration for 60 gold pieces
 74846 | D:11     | Bought a ration for 60 gold pieces
 74846 | D:11     | Bought a ration for 60 gold pieces
 74846 | D:11     | Bought a ration for 60 gold pieces
 74846 | D:11     | Bought a ration for 60 gold pieces
 74846 | D:11     | Bought a ration for 60 gold pieces
 74846 | D:11     | Bought a ration for 60 gold pieces
 74846 | D:11     | Bought a ration for 60 gold pieces
 74905 | D:11     | Bought a scroll of teleportation for 78 gold pieces
 75004 | Orc:2    | Bought the ring of the Elephant {+Inv rElec rC+ rN+ MP+9} for 678 gold pieces
 75019 | Orc:2    | Bought a potion of magic for 112 gold pieces
 75019 | Orc:2    | Bought a potion of flight for 42 gold pieces
 75019 | Orc:2    | Bought a potion of brilliance for 56 gold pieces
 75019 | Orc:2    | Bought a potion of invisibility for 112 gold pieces
 75019 | Orc:2    | Bought a potion of magic for 112 gold pieces
 75019 | Orc:2    | Bought a potion of lignification for 42 gold pieces
 75019 | Orc:2    | Bought a potion of brilliance for 56 gold pieces
 75019 | Orc:2    | Bought a potion of magic for 112 gold pieces
 75019 | Orc:2    | Bought a potion of mutation for 112 gold pieces
 75019 | Orc:2    | Bought a potion of agility for 56 gold pieces
 75032 | Orc:2    | Bought a ration for 60 gold pieces
 75032 | Orc:2    | Bought a ration for 60 gold pieces
 75032 | Orc:2    | Bought a ration for 60 gold pieces
 75032 | Orc:2    | Bought a ration for 60 gold pieces
 75032 | Orc:2    | Bought a ration for 60 gold pieces
 75032 | Orc:2    | Bought a ration for 60 gold pieces
 75032 | Orc:2    | Bought a ration for 60 gold pieces
 75032 | Orc:2    | Bought a ration for 60 gold pieces
 75032 | Orc:2    | Bought a ration for 60 gold pieces
 75032 | Orc:2    | Bought a ration for 60 gold pieces
 75032 | Orc:2    | Bought a ration for 60 gold pieces
 75032 | Orc:2    | Bought a ration for 60 gold pieces
 75032 | Orc:2    | Bought a ration for 60 gold pieces
 75032 | Orc:2    | Bought a ration for 60 gold pieces
 75045 | Orc:2    | Bought a wand of acid (8) for 408 gold pieces
 75045 | Orc:2    | Bought a phantom mirror for 510 gold pieces
 75045 | Orc:2    | Bought a wand of scattershot (4) for 408 gold pieces
 75045 | Orc:2    | Bought a wand of iceblast (8) for 204 gold pieces
 75045 | Orc:2    | Bought a box of beasts for 340 gold pieces
 75178 | D:7      | Bought the ring of Fuot {Fire +Fly rN+ MR- Slay+4} for 610 gold pieces
 75427 | Hell     | Entered the Vestibule of Hell
 75427 | Hell     | Noticed Geryon
 75432 | Hell     | Killed Geryon
 75548 | Depths:1 | Reached skill level 19 in Fighting
 76666 | Hell     | Found a gateway to the decaying netherworld of Tartarus.
 76739 | Hell     | Gained mutation: You are frail. (-10% HP) [a cacodemon]
 76778 | Hell     | Found a gateway to the ashen valley of Gehenna.
 76823 | Hell     | Learned a level 4 spell: Summon Lightning Spire
 76848 | Hell     | Found a gateway to the Iron City of Dis.
 76929 | Hell     | Found a gateway to the freezing wastes of Cocytus.
 77112 | Zot:1    | Entered Level 1 of the Realm of Zot
 77753 | Zot:2    | Reached skill level 10 in Evocations
 77802 | Zot:2    | Found a transporter.
 77807 | Zot:2    | Found a deep blue altar of Sif Muna.
 78407 | Zot:2    | Noticed an ancient lich
 78413 | Zot:2    | Noticed an orb of fire
 78415 | Zot:2    | Killed an ancient lich
 78619 | Zot:2    | Lost mutation: You are frail. (-10% HP) [potion of mutation]
 78619 | Zot:2    | Gained mutation: You are resistant to hostile enchantments. (MR+) [potion of mutation]
 78619 | Zot:2    | Gained mutation: You are partially covered in molten scales. (AC +2) [potion of mutation]
 78619 | Zot:2    | Gained mutation: You passively map a small area around you. [potion of mutation]
 78766 | Zot:2    | Killed an orb of fire
 78768 | Zot:2    | Reached skill level 20 in Fighting
 78899 | Zot:2    | Learned a level 1 spell: Apportation
 78916 | Zot:2    | Found a transporter.
 79073 | Zot:3    | Reached skill level 15 in Translocations
 79131 | Zot:3    | Noticed an orb of fire
 79147 | Zot:3    | Gained mutation: You possess an exceptional clarity of mind. [an orb of fire]
 79148 | Zot:3    | Gained mutation: You are weak. (Str -2) [an orb of fire]
 79149 | Zot:3    | Killed an orb of fire
 79190 | Zot:3    | Noticed an orb of fire
 79207 | Zot:3    | Killed an orb of fire
 80205 | Zot:3    | Paralysed by a Zot trap for 5 turns
 80693 | Zot:4    | Found a transporter.
 81008 | Zot:4    | Learned a level 8 spell: Controlled Blink
 81138 | Zot:4    | Found a transporter.
 81410 | Zot:4    | Identified the +7 battleaxe "Faheicug" {holy, +Inv Int+3} (You took it off a draconian knight on level 4 of the Realm of Zot)
 81449 | Zot:4    | Got a pitted garnet amulet
 81453 | Zot:4    | Identified the amulet "Utoarghimp" {Harm *Drain rElec MP-9 Int+8 Stlth-} (You found it on level 4 of the Realm of Zot)
 81756 | Zot:5    | Entered Level 5 of the Realm of Zot
 81891 | Zot:5    | Noticed an ancient lich
 81893 | Zot:5    | Killed an ancient lich
 81977 | Zot:5    | Noticed an ancient lich
 81980 | Zot:5    | Killed an ancient lich
 81980 | Zot:5    | Reached skill level 21 in Fighting
 82105 | Zot:5    | Noticed an ancient lich
 82114 | Zot:5    | Killed an ancient lich
 82421 | Zot:5    | Noticed an ancient lich
 82423 | Zot:5    | Killed an ancient lich
 82589 | Zot:5    | Noticed an orb of fire
 82589 | Zot:5    | Lost mutation: You possess an exceptional clarity of mind. [an orb of fire]
 82592 | Zot:5    | Killed an orb of fire
 83104 | Zot:5    | Noticed an ancient lich
 83113 | Zot:5    | Killed an ancient lich
 83368 | Zot:5    | Reached skill level 22 in Fighting
 83684 | Crypt:1  | Entered Level 1 of the Crypt
 85051 | Crypt:3  | Entered Level 3 of the Crypt
 85308 | Crypt:3  | Found a staircase to the Tomb.
 85828 | Crypt:3  | Noticed a greater mummy
 85834 | Crypt:3  | Killed a greater mummy
 86611 | Crypt:3  | Got a heavily runed ivory ring
 86614 | Crypt:3  | Identified the cursed ring of Lyuwan {rC+ MR++ AC-3 Str-2} (You took it off a mummy priest on level 3 of the Crypt)
 86774 | Crypt:3  | Found a basalt altar of Yredelemnul.
 86866 | Crypt:3  | Found a basalt altar of Yredelemnul.
 87274 | Crypt:3  | Got a crude cloak
 87280 | Crypt:3  | Identified the +0 cloak of the Many Ships {rPois rF+ Str+3 Int+2} (You found it on level 3 of the Crypt)
 87991 | Depths:3 | Learned a level 1 spell: Summon Butterflies
 87993 | Pan      | Entered Pandemonium
 88406 | Pan      | Noticed Ymennur the pandemonium lord
 88426 | Pan      | Killed Ymennur the pandemonium lord
 88635 | Pan      | Reached skill level 23 in Fighting
 88938 | Pan      | Reached skill level 10 in Dodging
 89475 | Pan      | Entered the realm of Cerebov.
 89973 | Pan      | Reached skill level 10 in Shields
 90955 | Pan      | Noticed Cerebov
 91035 | Pan      | Killed Cerebov
 91208 | Pan      | Got a fiery rune of Zot
 91352 | Pan      | Reached skill level 15 in Armour
 91738 | Pan      | Gained mutation: You occasionally shout uncontrollably at your foes. [a cacodemon]
 91831 | Pan      | Found a runed door.
 91844 | Pan      | Found a runed door.
 91844 | Pan      | Noticed Efrilug the pandemonium lord
 91851 | Pan      | Found a runed door.
 91853 | Pan      | Killed Efrilug the pandemonium lord
 91858 | Pan      | Found a runed door.
 91890 | Pan      | Got a coiled iron ring
 91892 | Pan      | Identified the ring of Vies {*Drain rN+++ MP+9 Int-3 SInv} (You found it in Pandemonium)
 92156 | Pan      | Noticed Ikaiz the pandemonium lord
 92166 | Pan      | Killed Ikaiz the pandemonium lord
 92250 | Pan      | Reached skill level 1 in Earth Magic
 92853 | Pan      | Reached skill level 5 in Earth Magic
 93021 | Pan      | Found a transporter.
 93097 | Pan      | Found a transporter.
 93110 | Pan      | Gained mutation: You have a pair of small horns on your head. [a cacodemon]
 93477 | Pan      | Got a sparkling platinum ring
 93488 | Pan      | Identified the ring of Arrival {+Blink rElec MR+ Int+5 Dex-3} (You found it in Pandemonium)
 93492 | Pan      | Got a flickering wooden ring
 93493 | Pan      | Identified the ring of Plog {Fire Dex+7} (You found it in Pandemonium)
 93669 | Pan      | Noticed Gacucs the pandemonium lord
 93674 | Pan      | Reached skill level 10 in Earth Magic
 94001 | Pan      | Reached skill level 15 in Shields
 94285 | Pan      | Killed Gacucs the pandemonium lord
 94918 | Pan      | Noticed Wuhak the pandemonium lord
 94928 | Pan      | Killed Wuhak the pandemonium lord
 95033 | Pan      | Entered the realm of Mnoleg.
 95073 | Pan      | Reached skill level 24 in Fighting
 95194 | Pan      | Noticed Mnoleg
 95222 | Pan      | Killed Mnoleg
 95284 | Pan      | Gained mutation: You are occasionally teleported next to monsters. [a neqoxec]
 95305 | Pan      | Gained mutation: Your body sometimes deteriorates upon taking damage. [a cacodemon]
 95402 | Pan      | Gained mutation: You are frail. (-10% HP) [a neqoxec]
 95415 | Pan      | Got a glowing rune of Zot
 95468 | Pan      | Lost mutation: You occasionally shout uncontrollably at your foes. [potion of mutation]
 95468 | Pan      | Lost mutation: Your body sometimes deteriorates upon taking damage. [potion of mutation]
 95468 | Pan      | Lost mutation: You are weak. (Str -2) [potion of mutation]
 95468 | Pan      | Gained mutation: Your muscles are strong. (Str +2) [potion of mutation]
 95468 | Pan      | Lost mutation: You passively map a small area around you. [potion of mutation]
 95468 | Pan      | Gained mutation: You expend magic power (3 MP) to strengthen your wands. [potion of mutation]
 95529 | Pan      | Got a smoking large shield
 95530 | Pan      | Identified the cursed +0 large shield of Gehenna {Int+4} (You took it off a daeva in Pandemonium)
 95759 | Pan      | Got a glittering garnet amulet
 95762 | Pan      | Identified the amulet of Rytat {Harm *Drain +Fly rPois rF- Dex+4} (You found it in Pandemonium)
 96008 | Pan      | Reached skill level 25 in Fighting
 96955 | Pan      | Noticed a seraph
 96969 | Pan      | Killed a seraph
 97134 | Pan      | Got a bound ivory amulet
 97138 | Pan      | Identified the amulet "Emmunlew" {Harm *Drain Fragile rElec Int+7 Stlth+} (You took it off a seraph in Pandemonium)
 97220 | Pan      | Got a sparkling ivory ring
 97222 | Pan      | Identified the ring "Quor Sid" {Wiz rC+ MR+ Slay+2} (You took it off an angel in Pandemonium)
 97240 | Pan      | Found a glowing golden altar of the Shining One.
 97289 | Pan      | Got a demonic rune of Zot
 97295 | Pan      | Identified Vehumet's Grimoire of Arcane Weapons
 97298 | Pan      | Identified Sif Muna's Grimoire of Execration
 97307 | Pan      | Identified Sif Muna's Reference Book on Supportive Protection
 97473 | Pan      | Found a glowing silver altar of Zin.
 97487 | Pan      | Got a jewelled morningstar {crush}
 97533 | Pan      | Identified the +10 morningstar "Archuir" {crush, -Tele rC+ Str+3 Int+8} (You took it off a cherub in Pandemonium)
 97776 | Pan      | Got a warped large shield
 97782 | Pan      | Identified the +5 large shield "Acadol" {Int+4} (You took it off a daeva in Pandemonium)
 98171 | Pan      | Reached skill level 26 in Fighting
 98409 | Pan      | Found a white marble altar of Elyvilon.
 98610 | Depths:3 | Escaped Pandemonium
 99267 | D:8      | Upgraded the game from 0.22-a0-304-gc4e68a00b7 to 0.22-a0-305-gd21a89c538
 99574 | Crypt:2  | Learned a level 9 spell: Tornado
 99805 | Depths:3 | Lost mutation: Your muscles are strong. (Str +2) [potion of mutation]
 99805 | Depths:3 | Lost mutation: You expend magic power (3 MP) to strengthen your wands. [potion of mutation]
 99805 | Depths:3 | Lost mutation: You are partially covered in molten scales. (AC +2) [potion of mutation]
 99805 | Depths:3 | Gained mutation: Your mind is acute. (Int +2) [potion of mutation]
 99805 | Depths:3 | Gained mutation: You possess an exceptional clarity of mind. [potion of mutation]
 99855 | Pan      | Entered Pandemonium
 99973 | Pan      | Found an exit through the horrors of the Abyss.
100072 | Pan      | Entered the realm of Lom Lobon.
100080 | Pan      | Noticed Lom Lobon
100090 | Pan      | Killed Lom Lobon
100115 | Pan      | Got a magical rune of Zot
100409 | Pan      | Noticed Zeathrua the pandemonium lord
100416 | Pan      | Killed Zeathrua the pandemonium lord
100473 | Pan      | Gained mutation: Your body sometimes deteriorates upon taking damage. [a cacodemon]
100482 | Pan      | Found an exit through the horrors of the Abyss.
100485 | Pan      | Took an exit into the Abyss.
100485 | Abyss:1  | Escaped into the Abyss
100548 | Abyss:1  | Found a deep blue altar of Sif Muna.
100607 | Abyss:1  | Paralysed by accursed screaming for 1 turns
100874 | Abyss:1  | Found a corrupted altar of Lugonu.
101414 | Abyss:2  | Gained mutation: You do not regenerate when monsters are visible. [a neqoxec]
101587 | Abyss:3  | Identified the +1 chain mail of Blue Skies {Str+3 Int+4 Dex+2 SInv} (You found it on level 3 of the Abyss)
101647 | Abyss:4  | Found a corrupted altar of Lugonu.
101737 | Abyss:4  | Gained mutation: Your body often deteriorates upon taking damage. [a neqoxec]
101802 | Abyss:4  | Found a glowing golden altar of the Shining One.
101831 | Abyss:4  | Noticed a juggernaut
101847 | Abyss:4  | Killed a juggernaut
101867 | Abyss:4  | Got an abyssal rune of Zot
101994 | Abyss:4  | Paralysed by accursed screaming for 1 turns
102015 | Depths:3 | Escaped the Abyss
102095 | Pan      | Entered Pandemonium
102383 | Pan      | Reached skill level 27 in Fighting
103046 | Pan      | Gained mutation: Your spells are a little easier to cast, but a little less powerful. [a neqoxec]
103046 | Pan      | Gained mutation: You occasionally shout uncontrollably at your foes. [a neqoxec]
103115 | Pan      | Gained mutation: Your muscles are strong. (Str +2) [a neqoxec]
103120 | Pan      | Noticed Wirhaap the pandemonium lord
103129 | Pan      | Killed Wirhaap the pandemonium lord
103444 | Pan      | Noticed Rogyant the pandemonium lord
103450 | Pan      | Killed Rogyant the pandemonium lord
103714 | Pan      | Entered the realm of Gloorx Vloq.
103720 | Pan      | Noticed Gloorx Vloq
103730 | Pan      | Killed Gloorx Vloq
103778 | Pan      | Got a dark rune of Zot
103938 | Pan      | Noticed Biceu the pandemonium lord
103953 | Pan      | Cast into level 5 of the Abyss (Biceu)
103953 | Abyss:5  | Entered Level 5 of the Abyss
104110 | Abyss:5  | Found a corrupted altar of Lugonu.
104129 | Pan      | Escaped the Abyss
104141 | Depths:3 | Escaped Pandemonium
104193 | Depths:3 | Lost mutation: You are frail. (-10% HP) [potion of mutation]
104193 | Depths:3 | Lost mutation: Your muscles are strong. (Str +2) [potion of mutation]
104193 | Depths:3 | Lost mutation: You are resistant to hostile enchantments. (MR+) [potion of mutation]
104193 | Depths:3 | Gained mutation: You have very sharp teeth. [potion of mutation]
104199 | Depths:3 | Learned a level 4 spell: Airstrike
104368 | Geh:1    | Entered Level 1 of Gehenna
104377 | Geh:1    | Found an ancient bone altar of Kikubaaqudgha.
105211 | Geh:5    | Reached skill level 10 in Necromancy
105438 | Geh:7    | Entered Level 7 of Gehenna
106171 | Geh:7    | Found the +4 dagger "Morg" {pain, MR+ Int+5}
106305 | Geh:7    | Identified the Tome of Creative Weightlessness
106350 | Geh:7    | Noticed Asmodeus
106512 | Geh:7    | Reached skill level 15 in Necromancy
106592 | Geh:7    | Killed Asmodeus
106931 | Geh:7    | Got an obsidian rune of Zot
107165 | Coc:1    | Entered Level 1 of Cocytus
107759 | Coc:6    | Reached skill level 10 in Charms
107855 | Coc:7    | Entered Level 7 of Cocytus
108642 | Coc:7    | Noticed Antaeus
108682 | Coc:7    | Killed Antaeus
108832 | Coc:7    | Got an icy rune of Zot
109166 | Hell     | Learned a level 8 spell: Death's Door
109215 | Tar:1    | Entered Level 1 of Tartarus
109460 | Tar:2    | Reached skill level 15 in Invocations
110383 | Tar:7    | Entered Level 7 of Tartarus
110696 | Tar:7    | Noticed the Serpent of Hell
110713 | Tar:7    | Killed the Serpent of Hell
110955 | Tar:7    | Reached skill level 15 in Evocations
110986 | Tar:7    | Noticed Ereshkigal
111006 | Tar:7    | Killed Ereshkigal
111025 | Tar:7    | Found the +11 plutonium sword {*Contam Stlth-}
111039 | Tar:7    | Got a bone rune of Zot
111328 | Dis:1    | Entered Level 1 of the Iron City of Dis
111810 | Dis:2    | Reached skill level 15 in Charms
113290 | Dis:7    | Entered Level 7 of the Iron City of Dis
113870 | Dis:7    | Gained mutation: Your magical capacity is low. (-10% MP) [mutagenic glow]
114101 | Dis:7    | Noticed Dispater
114119 | Dis:7    | Killed Dispater
114132 | Dis:7    | Got an iron rune of Zot
114160 | Dis:7    | Lost mutation: Your body often deteriorates upon taking damage. [potion of mutation]
114160 | Dis:7    | Lost mutation: You have very sharp teeth. [potion of mutation]
114160 | Dis:7    | Lost mutation: You have a pair of small horns on your head. [potion of mutation]
114160 | Dis:7    | Gained mutation: You have a somewhat thin skeletal structure. (Dex +2, Stealth) [potion of mutation]
114349 | Depths:3 | Learned a level 5 spell: Lee's Rapid Deconstruction
114594 | Tomb:1   | Entered Level 1 of the Tomb of the Ancients
114682 | Tomb:1   | Learned a level 8 spell: Borgnjor's Revivification
115222 | Tomb:1   | Noticed a greater mummy
115236 | Tomb:1   | Killed a greater mummy
115415 | Tomb:1   | Noticed a greater mummy
115434 | Tomb:1   | Killed a greater mummy
115476 | Tomb:1   | Noticed a greater mummy
115476 | Tomb:1   | Noticed a greater mummy
115476 | Tomb:1   | Noticed a greater mummy
115637 | Tomb:1   | Noticed a greater mummy
115643 | Tomb:1   | Killed a greater mummy
115772 | Tomb:1   | Killed a greater mummy
115773 | Tomb:1   | Noticed a greater mummy
115778 | Tomb:1   | Killed a greater mummy
115784 | Tomb:1   | Killed a greater mummy
115785 | Tomb:1   | Noticed a greater mummy
115792 | Tomb:1   | Killed a greater mummy
115825 | Tomb:1   | Noticed a greater mummy
115829 | Tomb:1   | Killed a greater mummy
116104 | Tomb:1   | Noticed a greater mummy
116113 | Tomb:1   | Killed a greater mummy
116165 | Tomb:1   | Noticed a greater mummy
116173 | Tomb:1   | Killed a greater mummy
116188 | Tomb:1   | Noticed a greater mummy
116198 | Tomb:1   | Killed a greater mummy
116394 | Tomb:1   | Noticed a greater mummy
116395 | Tomb:1   | Noticed a greater mummy
116428 | Tomb:1   | Killed a greater mummy
116433 | Tomb:1   | Killed a greater mummy
116457 | Tomb:1   | Noticed a greater mummy
116478 | Tomb:1   | Killed a greater mummy
116515 | Tomb:1   | Noticed a greater mummy
116525 | Tomb:1   | Killed a greater mummy
116736 | Tomb:1   | Noticed a greater mummy
116745 | Tomb:1   | Killed a greater mummy
116808 | Tomb:1   | Noticed a greater mummy
116817 | Tomb:1   | Killed a greater mummy
116856 | Tomb:1   | Killed a greater mummy
117011 | Tomb:1   | Noticed a greater mummy
117011 | Tomb:1   | Noticed a greater mummy
117011 | Tomb:1   | Noticed a greater mummy
117016 | Tomb:1   | Killed a greater mummy
117048 | Tomb:1   | Killed a greater mummy
117071 | Tomb:1   | Killed a greater mummy
117410 | Tomb:1   | Noticed a greater mummy
117415 | Tomb:1   | Killed a greater mummy
117553 | Tomb:1   | Noticed a greater mummy
117555 | Tomb:1   | Noticed a greater mummy
117736 | Tomb:1   | Killed a greater mummy
117945 | Tomb:1   | Noticed a greater mummy
117948 | Tomb:1   | Killed a greater mummy
118036 | Tomb:1   | Noticed a greater mummy
118045 | Tomb:1   | Killed a greater mummy
118138 | Tomb:1   | Noticed a greater mummy
118150 | Tomb:1   | Noticed a greater mummy
118152 | Tomb:1   | Noticed a greater mummy
118391 | Tomb:1   | Killed a greater mummy
118407 | Tomb:1   | Killed a greater mummy
118410 | Tomb:1   | Killed a greater mummy
118528 | Tomb:2   | Noticed a greater mummy
118528 | Tomb:2   | Noticed a greater mummy
118564 | Tomb:2   | Killed a greater mummy
118582 | Tomb:2   | Noticed a greater mummy
118583 | Tomb:2   | Noticed a greater mummy
118844 | Tomb:2   | Noticed Sojobo
118977 | Tomb:1   | Killed a greater mummy
119333 | Tomb:2   | Killed a greater mummy
119702 | Tomb:2   | Killed a greater mummy
119736 | Tomb:2   | Killed Sojobo
119767 | Tomb:2   | Killed a greater mummy
120019 | Tomb:2   | Lost mutation: Your spells are a little easier to cast, but a little less powerful. [potion of mutation]
120019 | Tomb:2   | Lost mutation: You are occasionally teleported next to monsters. [potion of mutation]
120019 | Tomb:2   | Lost mutation: Your mind is acute. (Int +2) [potion of mutation]
120019 | Tomb:2   | Gained mutation: You have a pair of small antennae on your head. [potion of mutation]
120019 | Tomb:2   | Gained mutation: Your flesh is heat resistant. (rF+) [potion of mutation]
120019 | Tomb:2   | Gained mutation: Your mind is acute. (Int +2) [potion of mutation]
120259 | Tomb:3   | Entered Level 3 of the Tomb of the Ancients
120262 | Tomb:3   | Noticed Mara
120262 | Tomb:3   | Noticed Khufu
120276 | Tomb:3   | Killed Khufu
120281 | Tomb:3   | Noticed a greater mummy
120674 | Tomb:3   | Noticed a greater mummy
120682 | Tomb:3   | Killed a greater mummy
120687 | Tomb:3   | Noticed Wyvric's illusion
120693 | Tomb:3   | Noticed a greater mummy
120693 | Tomb:3   | Noticed a greater mummy
120697 | Tomb:3   | Killed Mara
121036 | Tomb:3   | Killed a greater mummy
121037 | Tomb:3   | Noticed a greater mummy
121051 | Tomb:3   | Killed a greater mummy
121453 | Tomb:3   | Noticed a greater mummy
121460 | Tomb:3   | Killed a greater mummy
121475 | Tomb:3   | Killed a greater mummy
121713 | Tomb:3   | Noticed an ancient lich
121717 | Tomb:3   | Noticed a greater mummy
121718 | Tomb:3   | Noticed a greater mummy
121901 | Tomb:3   | Killed a greater mummy
121912 | Tomb:3   | Killed an ancient lich
121917 | Tomb:3   | Killed a greater mummy
122045 | Tomb:3   | Killed a greater mummy
122114 | Tomb:3   | Got a golden rune of Zot
122732 | Zot:5    | Got the Orb of Zot
122741 | Zot:5    | Noticed an orb of fire
122745 | Zot:5    | Killed an orb of fire
123106 | D:10     | Reached skill level 15 in Dodging
123118 | D:10     | Noticed Wekhil the pandemonium lord
123310 | D:1      | Gained mutation: Your magical capacity is very low. (-20% MP) [a neqoxec]
123314 | D:$      | Escaped with the Orb!

Vault maps used:
D:1:      onia_arrival_handbag, serial_bayou_pond_e
D:2:      first_ration, uniq_natasha
D:3:      uniq_robin, uniq_sigmund
D:4:      lemuel_crystal_altar, nicolae_gozag_seed_capital
D:5:      nicolae_ru_awakened_eye, temple_hall, portal_sewer_entry_a,
          uniq_duvessa
D:6:      kennysheep_little_box
D:7:      kennysheep_slugbush, elyvilon_altar_5,
          nicolae_qazlal_style_of_elements, slow_altar_1,
          eat_drink_and_be_merry_uskayaw, serial_shops, shop, st_stairs_4,
          uniq_joseph
D:8:      erik_lair_orcish_takeover, special_room, kennysheep_generic_room_15
D:9:      kennysheep_vampire_church, uniq_erolcha
D:11:     orc_0_dummy, serial_shops, nicolae_shop_statue_plus,
          nicolae_shop_overgrown_old_shop, shop, enter_bailey_2, uniq_snorg
D:12:     basic_altar, serial_shops, nicolae_shop_competitors_out_of_business
D:13:     serial_shops, nicolae_shop_temple_entry_statues_fountains,
          basic_altar, hangedman_little_slice_of_home, uniq_urug
D:14:     erik_vaults_1, basic_altar, amethyst_killhole,
          corexii_leaking_fountain, kennysheep_generic_room_8, uniq_agnes
D:15:     hangedman_depths_entry_try_elsewhere_first, grunt_dithmenos_shadows,
          uniq_roxanne
Temple:   oiseaux_autumnal_temple
Lair:1:   lemuel_oklob_altar
Lair:2:   infiniplex_staircase_pool_2
Lair:3:   guppyfry_snake_entry_garden, minmay_lindwurm_lava,
          lemuel_fruit_fields, uniq_rupert, uniq_gastronok, uniq_fannar
Lair:4:   swamp_mist, serial_bayou_crossing
Lair:6:   evilmike_catoblepas_cave, dpeg_slime_entry_enclosed_altar,
          st_stairs_11, patterned_corridor
Swamp:1:  evilmike_swamp_ruin_house_5, swamp_pool3,
          nicolae_swamp_rocky_clearing, uniq_louise, uniq_donald, uniq_aizul
Swamp:2:  evilmike_swamp_ruin_house_6, swamp_pool4
Swamp:3:  evilmike_swamp_ruin_house_4
Swamp:4:  grunt_swamp_rune_castle, swamp_pool2, kb_tengu_band,
          infiniplex_staircase_pool, uniq_bai_suzhen
Snake:2:  hangedman_cross_stitches, serial_bayou_lagoon_a, spider_trap,
          grunt_ministairs_1
Snake:4:  snake_pit, lemuel_fruit_tree, uniq_vashnia
Orc:2:    st_orc_open, serial_shops, shop
Elf:1:    minmay_elf_arrival_plus, minmay_elf_necromancy, spider_trap,
          uniq_frances
Elf:2:    enter_trove_6
Elf:3:    minmay_elf_hall_four_x, basic_altar, serial_sigils_hangedman_stare
Vaults:1: ontoclasm_vaults_shout, hangedman_vaults_corner_blocks,
          v_alt_pattern_2, vaults_room_corners,
          hangedman_vaults_stretched_pinwheel, vaults_mumra_chevron,
          serial_shops, shop, serial_hangedman_research,
          hangedman_research_metamorphosis
Vaults:2: nicolae_vaults_network_quincunx, hangedman_vaults_nodes,
          ontoclasm_vaults_misaligned, nicolae_vaults_twisting_passages,
          minmay_crypt_entry_necro_gods, hangedman_vaults_capsules,
          nicolae_vaults_ring_of_whatevers, vaults_room_fours, v_misc_19,
          vaults_mumra_lcd
Vaults:3: v_misc_27, serial_ice_b, hangedman_vaults_snaps,
          hangedman_vaults_stretched_pinwheel, hangedman_vaults_trim,
          nicolae_vaults_border_crossing, nicolae_vaults_holding_cells,
          v_misc_14, nicolae_vaults_little_squares_1, uniq_nikola
Vaults:4: nicolae_vaults_gold_heap, nicolae_vaults_ninety_degrees,
          ontoclasm_vaults_bender, nicolae_vaults_shelves_hall,
          vaults_standard_mumra_lines, nicolae_vaults_minivaults,
          vaults_mumra_chevron_long, vaults_standard_mumra_enter_the_diamond,
          nicolae_vaults_ring_of_whatevers, ontoclasm_vaults_fault,
          ontoclasm_vaults_ring_small, vaults_room_door_ring, v_misc_9,
          vaults_dpeg_diagonal, nicolae_vaults_ring_of_whatevers,
          nicolae_vaults_rhombus_5, uniq_jory, uniq_saint_roka
Crypt:1:  lemuel_upstairs_altar
Crypt:3:  church_of_pain_bobbens, tomb_entry_simple_bobbens, basic_altar
Tomb:2:   uniq_sojobo
Tomb:3:   uniq_khufu, uniq_mara
Depths:1: enter_ziggurat_b, hell_entry, minmay_room_of_horrors,
          kennysheep_another_room, kennysheep_doodads, kennysheep_diamond,
          nemelex_altar_shiori, uniq_enchantress
Depths:2: lemuel_river_lethe, serial_shops, hell_entry
Depths:3: onia_ninara_swampy_vault, rand_demon_pan_entry_8,
          hangedman_decor_riveting, hangedman_coc_ice_floe,
          grunt_decor_arrowhead, minmay_item_behind_shaft,
          minmay_shop_grid_forest
Depths:4: minmay_sliced_demisemicircle, abyss_entry_crystal, grunt_hell_horde,
          mu_enter_wizlab_4, evilmike_ruin_ashenzari, minmay_staircase_bubble
Depths:5: grunt_x_marks_the_spot, abyss_entry, minmay_misc_feat_square,
          hell_entry, uniq_mennas
Dis:1:    grunt_megastairs_3
Dis:6:    hangedman_dis_chains, hangedman_dis_decor_blocks_talon
Dis:7:    dis_hangedman
Geh:1:    lemuel_hellish_altar
Geh:2:    nicolae_geh_lava_in_the_way
Geh:6:    gehenna_fire_generator
Geh:7:    geh_mu
Coc:7:    coc_grunt_cove
Tar:2:    nicolae_tar_cuneiform_two
Tar:7:    tar_minmay_river
Zot:2:    gammafunk_sealed_library
Zot:3:    nzn_random_ring
Zot:4:    gammafunk_sealed_arena, grunt_megastairs_4
Zot:5:    grunt_ministairs_1, stair_cage_cross
Abyss:1:  evilmike_abyss_exit_15, hangedman_abyss_shoalhut
Abyss:3:  evilmike_nicolae_abyss_rune_containment_curve,
          gammafunk_abyss_exit_x_factor, hangedman_abyss_or_decor_slice
Abyss:4:  lemuel_flamethrower_3, evilmike_abyss_exit_10
Abyss:5:  evilmike_abyss_exit_17, grunt_abyss_exit_deep_breaths, minivault_27,
          hangedman_eye_storm
Pan:      rand_demon_3, nicolae_pan_gloorx_vloqian_2, cerebov_st,
          reaverb_pan_figure_eight, nicolae_pan_strange_glyphs, rand_demon_7,
          nicolae_pan_double_arrow, gammafunk_dig_for_victory, special_room,
          grunt_pan_pentagram, rand_demon_5, nicolae_pan_diamonds, mnoleg_grunt,
          evilmike_holy_pan, rand_demon_4, lom_lobon_spiral_st,
          nicolae_pan_diamonds, evilmike_mini_pan_pillars, pan_blood_fountain,
          evilmike_mini_pan_branches, pan_blood_fountain_small, rand_demon_2,
          evilmike_gloorx_vloq_box, evilmike_mini_pan_3x3
Bailey:   bailey_axe_4, bailey
WizLab:   wizlab_doroklohe

Skill      XL: |  1  2  3  4  5  6  7  8  9 10 11 12 13 14 15 16 17 18 19 20 21 22 23 24 25 26 27 |
---------------+----------------------------------------------------------------------------------+-----
Stealth        | 2 3 6 7 |  7.0
Bows           | 2 3 4 |  4.0
Armour         | 3 6 9 11 12 13 17 | 17.8
Fighting       | 4 5 6 8 9 10 11 12 13 14 27 | 27.0
Evocations     | 2 4 6 8 9 20 | 20.1
Invocations    | 6 7 10 11 12 13 15 | 15.0
Spellcasting   | 1 7 8 9 12 13 14 26 | 26.1
Conjurations   | 1 7 9 10 13 15 16 17 18 | 18.0
Translocations | 1 3 6 7 8 10 21 | 21.0
Air Magic      | 3 6 8 9 11 12 13 14 15 24 | 24.0
Poison Magic   | 3 6 |  6.3
Shields        | 3 4 17 | 17.8
Necromancy     | 5 7 18 | 18.0
Ice Magic      | 6 |  6.0
Maces & Flails | 7 11 14 16 22 | 22.4
Dodging        | 1 5 8 9 15 | 15.0
Charms         | 2 3 5 6 15 | 15.0
Earth Magic    | 13 | 13.0
Throwing       | |  1.0

Action                   |  1- 3 |  4- 6 |  7- 9 | 10-12 | 13-15 | 16-18 | 19-21 | 22-24 | 25-27 || total
-------------------------+-------+-------+-------+-------+-------+-------+-------+-------+-------++-------
Melee: Short sword       |       |    94 |   244 |       |       |       |       |       |       ||   338
       Rapier            |       |       |   154 |       |       |       |       |       |       ||   154
       Dire flail        |       |       |       |    32 |       |       |       |       |       ||    32
       Trident           |       |       |       |    69 |       |       |       |       |       ||    69
       Staff             |       |       |       |    41 |       |   109 |    12 |       |    48 ||   210
       Hand axe          |       |       |       |    80 |   311 |    54 |       |       |       ||   445
       Constrict         |       |       |       |       |   109 |    96 |    93 |    89 |  1449 ||  1836
       Eveningstar       |       |       |       |       |       |   262 |   449 |   558 |  4423 ||  5692
       Unarmed           |       |       |       |       |       |       |       |     4 |       ||     4
       Sacred scourge    |       |       |       |       |       |       |       |       |  3783 ||  3783
       Headbutt          |       |       |       |       |       |       |       |       |  1782 ||  1782
       Bite              |       |       |       |       |       |       |       |       |   547 ||   547
 Fire: Shortbow          |    67 |    58 |   104 |    23 |       |       |       |       |       ||   252
       Blowgun           |       |       |       |    26 |       |       |       |       |       ||    26
Throw: Stone             |       |    13 |       |       |       |       |       |       |       ||    13
       Tomahawk          |       |       |       |     3 |    16 |       |       |       |       ||    19
       Javelin           |       |       |       |       |    24 |    47 |    33 |    56 |     4 ||   164
       Throwing net      |       |       |       |       |       |       |       |       |     5 ||     5
 Cast: Magic Dart        |       |       |       |   457 |    27 |     1 |       |       |       ||   485
       Conjure Flame     |       |       |       |    90 |    30 |    18 |       |       |       ||   138
       Call Imp          |       |       |       |    76 |    28 |     9 |       |       |       ||   113
       Mephitic Cloud    |       |       |       |    41 |    69 |     5 |     1 |       |       ||   116
       Blink             |       |       |       |    22 |    18 |    19 |     2 |     3 |    73 ||   137
       Poisonous Vapours |       |       |       |    27 |   628 |   125 |     5 |       |       ||   785
       Force Lance       |       |       |       |       |   139 |   202 |    52 |     5 |     2 ||   400
       Fulminant Prism   |       |       |       |       |    28 |    47 |       |       |       ||    75
       Regeneration      |       |       |       |       |     7 |   102 |    72 |    51 |   600 ||   832
       Animate Skeleton  |       |       |       |       |     7 |     5 |       |       |       ||    12
       Animate Dead      |       |       |       |       |       |    53 |    42 |    20 |    54 ||   169
       Freezing Cloud    |       |       |       |       |       |   130 |   102 |    37 |   119 ||   388
       Orb of Destructio |       |       |       |       |       |     4 |   126 |    44 |   553 ||   727
       Lightning Bolt    |       |       |       |       |       |       |     9 |    65 |   683 ||   757
       Shroud of Golubri |       |       |       |       |       |       |     3 |     9 |    16 ||    28
       Deflect Missiles  |       |       |       |       |       |       |       |       |    26 ||    26
       Tornado           |       |       |       |       |       |       |       |       |   162 ||   162
       Airstrike         |       |       |       |       |       |       |       |       |   128 ||   128
       Controlled Blink  |       |       |       |       |       |       |       |       |   108 ||   108
       Summon Lightning  |       |       |       |       |       |       |       |       |    46 ||    46
       Lee's Rapid Decon |       |       |       |       |       |       |       |       |    34 ||    34
       Conjure Ball Ligh |       |       |       |       |       |       |       |       |    14 ||    14
       Chain Lightning   |       |       |       |       |       |       |       |       |    10 ||    10
       Apportation       |       |       |       |       |       |       |       |       |     9 ||     9
       Summon Butterflie |       |       |       |       |       |       |       |       |     5 ||     5
Invok: Bend Time         |       |       |     2 |     2 |       |     1 |       |       |       ||     5
       Slouch            |       |       |       |     1 |       |     9 |     2 |     1 |    24 ||    37
       Temporal Distorti |       |       |       |       |       |       |       |       |     4 ||     4
       Step From Time    |       |       |       |       |       |       |       |       |     2 ||     2
 Abil: Spit Poison       |     3 |    11 |    25 |     7 |       |       |       |       |       ||    46
       Evoke Berserk Rag |       |     1 |     4 |       |       |       |       |       |       ||     5
       Evoke Invisibilit |       |       |       |       |       |       |       |       |     2 ||     2
Evoke: Wand              |       |       |       |    17 |    22 |    34 |    30 |    15 |   113 ||   231
       Lightning rod     |       |       |       |     4 |     6 |    19 |    10 |     2 |    29 ||    70
       Lamp of fire      |       |       |       |       |     3 |     5 |     3 |     2 |     3 ||    16
       Box of beasts     |       |       |       |       |       |     2 |       |       |     7 ||     9
       Staff of energy   |       |       |       |       |       |    19 |   136 |    25 |  1061 ||  1241
       Crystal ball of e |       |       |       |       |       |     1 |       |       |       ||     1
       Fan of gales      |       |       |       |       |       |       |     1 |       |     1 ||     2
       Sack of spiders   |       |       |       |       |       |       |       |       |    12 ||    12
       Phantom mirror    |       |       |       |       |       |       |       |       |     5 ||     5
       Phial of floods   |       |       |       |       |       |       |       |       |     4 ||     4
  Use: Scroll            |       |     5 |     8 |    21 |     8 |    26 |    20 |     6 |   100 ||   194
       Potion            |       |       |     4 |     5 |     5 |    16 |     1 |     1 |    82 ||   114
 Stab: Confused          |       |       |       |    10 |    24 |     2 |       |     1 |     1 ||    38
       Distracted        |       |       |       |     4 |       |     5 |     6 |     5 |    29 ||    49
       Sleeping          |       |       |       |     2 |     1 |       |     1 |       |     3 ||     7
       Invisible         |       |       |       |       |       |       |       |       |     5 ||     5
       Held in net/web   |       |       |       |       |       |       |       |       |     2 ||     2
       Paralysed         |       |       |       |       |       |       |       |       |     1 ||     1
  Eat: Chunk             |       |     5 |    10 |     8 |    14 |    11 |    15 |    16 |    20 ||    99
       Ration            |       |       |     2 |     4 |     3 |     9 |     7 |     1 |    68 ||    94
Armor: Ring mail         |     7 |    53 |   250 |   219 |       |       |       |       |       ||   529
       Skin              |       |       |    29 |    11 |       |    28 |       |       |       ||    68
       Acid dragon scale |       |       |       |    57 |   154 |       |       |       |       ||   211
       Leather armour    |       |       |       |     8 |       |       |       |       |       ||     8
       Troll leather arm |       |       |       |     4 |       |       |       |       |       ||     4
       Chain mail        |       |       |       |       |   132 |   357 |       |       |       ||   489
       Storm dragon scal |       |       |       |       |       |   210 |   432 |   372 |  3380 ||  4394
Dodge: Dodged            |     7 |    49 |   173 |   140 |   118 |   124 |   127 |   241 |  2489 ||  3468
       Deflected         |       |       |       |       |       |       |       |       |   230 ||   230
Block: Buckler           |       |       |       |       |   229 |   312 |   273 |   228 |   122 ||  1164
       Reflection        |       |       |       |       |       |     1 |       |     1 |   254 ||   256
       Shield            |       |       |       |       |       |       |       |       |  2192 ||  2192
       Large shield      |       |       |       |       |       |       |       |       |  7043 ||  7043

Table legend:
 A = Spawn XP
 B = Non-spawn XP
 C = Spawn XP percentage of total XP
 D = Spawn monster count
 E = Non-spawn monster count
 F = Spawn count percentage of total count
 G = Total turns spent on level
                    A         B        C        D         E        F      G
               +---------+---------+-------+---------+---------+-------+---------
         Total |  358321 | 4468283 |   7.4 |     493 |    5494 |   8.2 | 123314
               +---------+---------+-------+---------+---------+-------+---------
           D:1 |       0 |      32 |   0.0 |       0 |      18 |   0.0 |   779
           D:2 |       0 |      86 |   0.0 |       0 |      17 |   0.0 |   613
           D:3 |       0 |     376 |   0.0 |       0 |      28 |   0.0 |  1318
           D:4 |       0 |     724 |   0.0 |       0 |      15 |   0.0 |   967
           D:5 |       0 |     605 |   0.0 |       0 |      17 |   0.0 |  1131
           D:6 |       0 |     993 |   0.0 |       0 |      28 |   0.0 |  1812
           D:7 |       0 |    2068 |   0.0 |       0 |      41 |   0.0 |  2035
           D:8 |       0 |    2748 |   0.0 |       0 |      57 |   0.0 |  2969
           D:9 |       0 |    1430 |   0.0 |       0 |      23 |   0.0 |  1081
          D:10 |       0 |    3242 |   0.0 |       0 |      35 |   0.0 |  1425
          D:11 |       0 |    8935 |   0.0 |       0 |      45 |   0.0 |  2381
          D:12 |       0 |    5469 |   0.0 |       0 |      23 |   0.0 |  1118
          D:13 |       0 |    7366 |   0.0 |       0 |      42 |   0.0 |  1024
          D:14 |       0 |   21601 |   0.0 |       0 |      56 |   0.0 |  1693
          D:15 |       0 |   48252 |   0.0 |       0 |      63 |   0.0 |  2288
        Lair:1 |       0 |    6129 |   0.0 |       0 |      23 |   0.0 |  1593
        Lair:2 |       0 |   10310 |   0.0 |       0 |      44 |   0.0 |  1789
        Lair:3 |       0 |   13220 |   0.0 |       0 |      28 |   0.0 |  1933
        Lair:4 |       0 |    2990 |   0.0 |       0 |      14 |   0.0 |  1003
        Lair:5 |       0 |    6401 |   0.0 |       0 |      26 |   0.0 |  1297
        Lair:6 |       0 |   17513 |   0.0 |       0 |      41 |   0.0 |  1324
       Swamp:1 |       0 |   19679 |   0.0 |       0 |      40 |   0.0 |  1442
       Swamp:2 |       0 |   17321 |   0.0 |       0 |      61 |   0.0 |  1143
       Swamp:3 |       0 |   11779 |   0.0 |       0 |      26 |   0.0 |  2314
       Swamp:4 |       0 |   42631 |   0.0 |       0 |      75 |   0.0 |  2017
       Snake:1 |       0 |   17594 |   0.0 |       0 |      38 |   0.0 |  2101
       Snake:2 |       0 |   34504 |   0.0 |       0 |      75 |   0.0 |  1364
       Snake:3 |       0 |   21286 |   0.0 |       0 |      42 |   0.0 |  1898
       Snake:4 |       0 |   54542 |   0.0 |       0 |      85 |   0.0 |  1372
       Slime:1 |       0 |   21674 |   0.0 |       0 |      31 |   0.0 |   376
       Slime:2 |       0 |   24383 |   0.0 |       0 |      37 |   0.0 |   986
       Slime:3 |       0 |   21448 |   0.0 |       0 |      16 |   0.0 |   603
       Slime:4 |       0 |   22111 |   0.0 |       0 |      33 |   0.0 |   777
       Slime:5 |       0 |   42860 |   0.0 |       0 |      28 |   0.0 |   922
         Orc:1 |       0 |    2182 |   0.0 |       0 |      23 |   0.0 |   934
         Orc:2 |       0 |   18439 |   0.0 |       0 |      65 |   0.0 |  1295
         Elf:1 |       0 |   39496 |   0.0 |       0 |      72 |   0.0 |  1741
         Elf:2 |       0 |   39205 |   0.0 |       0 |      48 |   0.0 |  2042
         Elf:3 |       0 |   71337 |   0.0 |       0 |      57 |   0.0 |  2894
      Vaults:1 |       0 |   42324 |   0.0 |       0 |      91 |   0.0 |  2135
      Vaults:2 |       0 |   37458 |   0.0 |       0 |      69 |   0.0 |  2237
      Vaults:3 |       0 |   62192 |   0.0 |       0 |     108 |   0.0 |  1916
      Vaults:4 |       0 |   74713 |   0.0 |       0 |      85 |   0.0 |  1880
      Vaults:5 |       0 |  147037 |   0.0 |       0 |     130 |   0.0 |  2612
       Crypt:1 |       0 |   35321 |   0.0 |       0 |      53 |   0.0 |   800
       Crypt:2 |       0 |   20010 |   0.0 |       0 |      32 |   0.0 |  1088
       Crypt:3 |       0 |   72021 |   0.0 |       0 |     125 |   0.0 |  2360
        Tomb:1 |       0 |  214932 |   0.0 |       0 |      99 |   0.0 |  4536
        Tomb:2 |       0 |   66957 |   0.0 |       0 |      76 |   0.0 |  2430
        Tomb:3 |       0 |  130965 |   0.0 |       0 |     108 |   0.0 |   752
      Depths:1 |       0 |   76071 |   0.0 |       0 |     101 |   0.0 |  2385
      Depths:2 |       0 |   59271 |   0.0 |       0 |     108 |   0.0 |  1884
      Depths:3 |       0 |   37364 |   0.0 |       0 |      48 |   0.0 |  1588
      Depths:4 |       0 |  112338 |   0.0 |       0 |      86 |   0.0 |  2494
      Depths:5 |       0 |   48895 |   0.0 |       0 |      34 |   0.0 |  1109
          Hell |       0 |   28887 |   0.0 |       0 |      44 |   0.0 |  1132
         Dis:1 |       0 |   25724 |   0.0 |       0 |      52 |   0.0 |   278
         Dis:2 |       0 |   26590 |   0.0 |       0 |      49 |   0.0 |   286
         Dis:3 |       0 |   30820 |   0.0 |       0 |      73 |   0.0 |   357
         Dis:4 |       0 |   55238 |   0.0 |       0 |      77 |   0.0 |   319
         Dis:5 |       0 |    5001 |   0.0 |       0 |       9 |   0.0 |    52
         Dis:6 |       0 |   60702 |   0.0 |       0 |      67 |   0.0 |   350
         Dis:7 |       0 |  157009 |   0.0 |       0 |     147 |   0.0 |  1026
         Geh:1 |       0 |   37511 |   0.0 |       0 |      65 |   0.0 |   216
         Geh:2 |       0 |   25855 |   0.0 |       0 |      75 |   0.0 |   264
         Geh:3 |       0 |   11947 |   0.0 |       0 |      21 |   0.0 |   183
         Geh:4 |       0 |   39624 |   0.0 |       0 |      85 |   0.0 |   147
         Geh:5 |       0 |   17403 |   0.0 |       0 |      31 |   0.0 |   119
         Geh:6 |       0 |   21420 |   0.0 |       0 |      43 |   0.0 |   141
         Geh:7 |       0 |  145030 |   0.0 |       0 |     175 |   0.0 |  1645
         Coc:1 |       0 |   18441 |   0.0 |       0 |      41 |   0.0 |   250
         Coc:2 |       0 |    7536 |   0.0 |       0 |       8 |   0.0 |    46
         Coc:3 |       0 |   10669 |   0.0 |       0 |      24 |   0.0 |    63
         Coc:4 |       0 |    9531 |   0.0 |       0 |      28 |   0.0 |   156
         Coc:5 |       0 |    1341 |   0.0 |       0 |       3 |   0.0 |    23
         Coc:6 |       0 |   23256 |   0.0 |       0 |      29 |   0.0 |   152
         Coc:7 |       0 |  179167 |   0.0 |       0 |     174 |   0.0 |  1300
         Tar:1 |       0 |   34218 |   0.0 |       0 |      50 |   0.0 |   219
         Tar:2 |       0 |   50535 |   0.0 |       0 |      57 |   0.0 |   348
         Tar:3 |       0 |   54313 |   0.0 |       0 |      51 |   0.0 |   295
         Tar:4 |       0 |   27435 |   0.0 |       0 |      30 |   0.0 |   225
         Tar:5 |       0 |    1477 |   0.0 |       0 |       1 |   0.0 |     8
         Tar:6 |       0 |    2595 |   0.0 |       0 |       4 |   0.0 |    73
         Tar:7 |       0 |  137779 |   0.0 |       0 |     118 |   0.0 |   900
         Zot:1 |       0 |   35060 |   0.0 |       0 |      22 |   0.0 |   746
         Zot:2 |       0 |   65922 |   0.0 |       0 |      40 |   0.0 |  1329
         Zot:3 |       0 |  105404 |   0.0 |       0 |      50 |   0.0 |  1425
         Zot:4 |       0 |   64551 |   0.0 |       0 |      40 |   0.0 |  1533
         Zot:5 |       0 |  231042 |   0.0 |       0 |      90 |   0.0 |  1707
       Abyss:1 |   12343 |   21676 |  36.3 |      25 |      48 |  34.2 |   669
       Abyss:2 |    5633 |    3663 |  60.6 |      10 |      10 |  50.0 |   282
       Abyss:3 |    6079 |    6978 |  46.6 |      13 |      13 |  50.0 |   210
       Abyss:4 |   17464 |   32924 |  34.7 |      35 |      37 |  48.6 |   369
       Abyss:5 |    9798 |    4261 |  69.7 |      18 |       9 |  66.7 |   176
           Pan |  307004 |  709985 |  30.2 |     392 |     569 |  40.8 | 13117
        Bailey |       0 |     407 |   0.0 |       0 |      27 |   0.0 |   404
        WizLab |       0 |   18526 |   0.0 |       0 |      19 |   0.0 |   474
               +---------+---------+-------+---------+---------+-------+---------
